 Dungeon Crawl Stone Soup version 0.31-a0-1352-gc98d92de7d (webtiles) character file.

Game seed: 16678520884642143266

1472467 MackTheKnife the Conqueror (level 27, 290/290 HPs)
             Began as an Oni Earth Elementalist on Dec 21, 2023.
             Was an Initiate of Gozag.
             Escaped with the Orb
             ... and 3 runes on Dec 22, 2023!
             The game lasted 03:05:40 (91603 turns).

MackTheKnife the Conqueror (OnEE)                  Turns: 91603, Time: 03:05:41

Health: 290/290    AC: 34    Str: 42    XL:     27
Magic:  42/42      EV: 16    Int: 17    God:    Gozag
Gold:   162        SH: 12    Dex: 14    Spells: 21/56 levels left

rFire   + . .        a - +6 demon whip (freeze) {mace}
rCold   + . .        j - +0 kite shield {rC+ rF+}
rNeg    + . .        n - +10 storm dragon scales {rare}
rPois   +            P - +2 hat {SInv}
rElec   +            e - +1 cloak of Starlight {*Dazzle EV+4 Stlth--}
rCorr   .            (gloves unavailable)
SInv    +            (boots unavailable)
Will    ++++.        z - amulet "Sogesir" {Acrobat +Inv rPois rF- Str+4} Stlth
                     m - ring of Syd Xane {Will+ Str+6}
HPRegen 0.68/turn    D - ring of Piexosyi {rF+ rN+ Str+6 Stlth-}
MPRegen 0.28/turn

%: acrobat
@: enlightened, flying, hasted, very quick
A: large, unfitting armour, horns 1, tough skin 1, double potion healing,
drunken brawling, claws 1, talons 1, frail 1, passive freeze, strong 1
0: Orb of Zot
}: 3/15 runes: serpentine, barnacled, silver
a: Renounce Religion, Evoke Invisibility, Potion Petition, Call Merchant, Bribe
Branch


You escaped.
You worshipped Gozag.
Gozag was aware of your devotion.
You visited 9 branches of the dungeon, and saw 47 of its levels.
You visited 2 bazaars.
You also visited: Gauntlet, Ice Cave, Volcano and Wizlab.

You collected 28755 gold pieces.
You spent 7576 gold pieces at shops.
You paid 21017 gold pieces to Gozag.


Innate Abilities, Weirdness & Mutations

You are too large for most types of armour.
You have a pair of small horns on your head.
You have tough skin. (AC +1)
You gain doubled healing and magic from potions.
Whenever you drink a healing potion, you attack all around you.
You have sharp fingernails.
You have sharp toenails.
You are frail. (-10% HP)
A frigid envelope surrounds you and freezes all who hurt you.
Your muscles are strong. (Str +4, Int/Dex -1)


   Skills:
 O Level 27 Fighting
 - Level 20.0 Maces & Flails
 + Level 19.0 Armour
 - Level 12.0 Dodging
 - Level 1.4 Stealth
 - Level 12.0 Shields
 - Level 15.0 Spellcasting
 - Level 11.0 Conjurations
 - Level 2.0 Necromancy
 - Level 8.0 Fire Magic
 - Level 10.0 Ice Magic
 - Level 10.0 Air Magic
 - Level 7.0 Earth Magic
 - Level 10.0 Alchemy
 - Level 7.0 Evocations


You had 21 spell levels left.
You knew the following spells:

 Your Spells              Type           Power      Damage    Failure   Level
a - Sandblast             Erth           72%        2d16      1%          1
b - Stone Arrow           Conj/Erth      86%        3d12      1%          3
c - Olgreb's Toxic Radia  Alch           46%        N/A       2%          4
d - Sticky Flame          Fire/Alch      43%        2d8       3%          4
e - Ignite Poison         Fire/Alch      43%        N/A       3%          4
f - Brom's Barrelling Bo  Conj/Erth      43%        2d6       3%          4
g - Freezing Cloud        Conj/Ice/Air   23%        6-21      6%          5
h - Sublimation of Blood  Necr           19%        N/A       10%         2
i - Mephitic Cloud        Conj/Alch/Air  47%        N/A       1%          3
j - Irradiate             Conj/Alch      24%        3d19      5%          5

Your spell library contained the following spells:

 Spells                   Type           Power      Damage    Failure   Level
 Foxfire                  Conj/Fire      100%       2x1d9     1%          1
 Kiss of Death            Conj/Necr      100%       2d13      1%          1
 Magic Dart               Conj           100%       1d8       1%          1
 Shock                    Conj/Air       100%       1d9       1%          1
 Sting                    Conj/Alch      100%       1d9       1%          1
 Cigotuvi's Dreadful Rot  Necr/Alch/Air  74%        N/A       1%          2
 Mercury Vapours          Alch/Air       92%        N/A       1%          2
 Passwall                 Alch/Erth      34%        N/A       1%          2
 Scorch                   Fire           78%        2d8       1%          2
 Searing Ray              Conj           100%       2d8       1%          2
 Static Discharge         Conj/Air       96%        3-7/arc   1%          2
 Swiftness                Air            46%        N/A       1%          3
 Fulminant Prism          Conj/Alch      24%        3d12      1%          4
 Ensorcelled Hibernation  Hex/Ice        58%        N/A       2%          2
 Airstrike                Air            23%        2d(4-20)  2%          4
 Flame Wave               Conj/Fire      45%        2d12      2%          4
 Leda's Liquefaction      Alch/Erth      20%        N/A       4%          4
 Petrify                  Alch/Erth      41%        N/A       4%          4
 Arcjolt                  Conj/Air       24%        1d34      5%          5
 Necrotise                Necr           76%        1d7       6%          1
 Alistair's Intoxication  Alch           30%        N/A       6%          5
 Inner Flame              Hex/Fire       26%        N/A       9%          3
 Apportation              Tloc           24%        N/A       14%         1
 Slow                     Hex            48%        N/A       14%         1
 Summon Small Mammal      Summ           48%        N/A       14%         1
 Iskenderun's Mystic Bla  Conj/Tloc      31%        2d8       14%         4
 Vampiric Draining        Necr           19%        2d7       19%         3
 Summon Lightning Spire   Summ/Air       29%        N/A       19%         4
 Vhi's Electric Charge    Tloc/Air       58%        N/A       19%         4
 Blink                    Tloc           24%        N/A       22%         2
 Call Imp                 Summ           24%        N/A       22%         2
 Jinxbite                 Hex            24%        N/A       22%         2
 Lesser Beckoning         Tloc           24%        N/A       22%         2
 Lee's Rapid Deconstruct  Erth           18%        3d11*     22%         5
 Conjure Ball Lightning   Conj/Air       24%        3x3d7     28%         6
 Animate Armour           Summ/Erth      48%        N/A       32%         4
 Eringya's Noxious Bog    Alch           23%        4d6       34%         6
 Confusing Touch          Hex            12%        N/A       38%         3
 Gell's Gravitas          Tloc           12%        N/A       38%         3
 Sigil of Binding         Hex            12%        N/A       38%         3
 Teleport Other           Tloc           12%        N/A       38%         3
 Starburst                Conj/Fire      22%        6d8       41%         6
 Bombard                  Conj/Erth      21%        9d4       47%         6
 Plasma Beam              Fire/Air       21%        2x1d33    47%         6
 Dispel Undead            Necr           19%        3d11      52%         4
 Borgnjor's Vile Clutch   Necr/Erth      14%        N/A       52%         5
 Anguish                  Hex/Necr       8%         N/A       67%         4
 Cause Fear               Hex            6%         N/A       80%         4
 Dimensional Bullseye     Hex/Tloc       6%         N/A       80%         4
 Manifold Assault         Tloc           12%        N/A       80%         4
 Ozocubu's Refrigeration  Ice            23%        4d12      89%         7
 Summon Forest            Summ/Tloc      6%         N/A       98%         5
 Death Channel            Necr           9%         N/A       100%        6
 Dispersal                Tloc           6%         N/A       100%        6
 Summon Cactus Giant      Summ           6%         N/A       100%        6
 Enfeeble                 Hex            6%         N/A       100%        7
 Haunt                    Necr/Summ      8%         N/A       100%        7
 Summon Hydra             Summ           6%         N/A       100%        7
 Borgnjor's Revivificati  Necr           9%         N/A       100%        8
 Discord                  Hex            6%         N/A       100%        8
 Disjunction              Tloc           6%         N/A       100%        8
 Ignition                 Fire           19%        3d7       100%        8
 Infestation              Necr           9%         N/A       100%        8
 Lehudib's Crystal Spear  Conj/Erth      21%        10d6      100%        8
 Maxwell's Capacitive Co  Air            23%        ∞         100%        8
 Death's Door             Necr           9%         N/A       100%        9
 Polar Vortex             Ice            23%        12d3*     100%        9
 Animate Dead             Necr           Unusable   N/A       N/A         4
 Simulacrum               Ice/Necr       Unusable   N/A       N/A         6

Inventory:

Hand Weapons
 a - a +6 demon whip of freezing (weapon) {mace}
   (You took it off Amaemon on level 1 of the Lair of Beasts)
 b - the +10 dark maul {heavy}
   (You found it on level 4 of the Shoals)
Armour
 e - the +1 cloak of Starlight (worn) {*Dazzle EV+4 Stlth--}
   (You found it in a wizard's laboratory)

   *Dazzle:   It may blind those who miss an attack against the wearer in melee
   combat.
   EV+4:      It affects your evasion (+4).
   Stlth--:   It makes you much less stealthy.
 j - a +0 kite shield of resistance (worn)
   (You took it off a naga warrior on level 3 of the Snake Pit)
 n - +10 storm dragon scales (worn) {rare}
   (You found it on level 5 of the Lair of Beasts)
 C - a +2 cloak of poison resistance
   (You took it off Crazy Yiuf on level 7 of the Dungeon)
 P - a +2 hat of see invisible (worn)
   (You bought it in a shop on level 2 of the Snake Pit)
Jewellery
 i - the ring of Xunlexix {rPois Str+3 Dex+6}
   (You acquired it on level 4 of the Vaults)

   [ring of dexterity]

   Str+3:     It affects your strength (+3).
   Dex+6:     It affects your dexterity (+6).
   rPois:     It protects you from poison
 m - the ring of Syd Xane (left claw) {Will+ Str+6}
   (You bought it in a shop on level 6 of the Dungeon)

   [ring of strength]

   Str+6:     It affects your strength (+6).
   Will+:     It increases your willpower.
 z - the amulet "Sogesir" (around neck) {Acrobat +Inv rPois rF- Str+4}
   (You bought it in a shop on level 6 of the Dungeon)

   [amulet of the acrobat]

   Acrobat:   It increases your evasion while moving and waiting.
   Str+4:     It affects your strength (+4).
   rF-:       It makes you vulnerable to fire.
   rPois:     It protects you from poison +Inv: It lets you turn invisible.
 D - the ring of Piexosyi (right claw) {rF+ rN+ Str+6 Stlth-}
   (You bought it in a shop on level 4 of the Shoals)

   [ring of strength]

   Str+6:     It affects your strength (+6).
   rF+:       It protects you from fire.
   rN+:       It protects you from negative energy.
   Stlth-:    It makes you less stealthy.
 N - a ring of flight
   (You found it on level 10 of the Dungeon)
 Q - a ring of see invisible
   (You found it on level 13 of the Dungeon)
Wands
 c - a wand of roots (27)
   (You found it on level 3 of the Dungeon)
 A - a wand of digging (23)
   (You found it on level 7 of the Dungeon)
 F - a wand of flame (120)
   (You took it off an orc on level 8 of the Dungeon)
 G - a wand of mindburst (79)
   (You found it on level 8 of the Dungeon)
 V - a wand of quicksilver (27)
   (You found it in a Gauntlet)
 W - a wand of charming (42)
   (You found it in a Gauntlet)
Scrolls
 g - 8 scrolls of amnesia
 h - 10 scrolls of poison {!r}
 k - 5 scrolls of revelation
 l - 7 scrolls of immolation {!r!r}
 s - 13 scrolls of teleportation {@r4}
 t - a scroll of blinking {!r}
 y - 6 scrolls of brand weapon
 M - 6 scrolls of vulnerability {!r!r}
 R - 7 scrolls of fear
 U - 38 scrolls of identify {@r1}
 Y - 2 scrolls of fog
Potions
 d - 9 potions of heal wounds {@q2}
 f - 6 potions of enlightenment
 o - 3 potions of mutation {!q}
 q - 4 potions of cancellation
 r - 4 potions of might
 u - 2 potions of ambrosia
 v - 4 potions of resistance
 w - 2 potions of haste {@q3}
 x - 4 potions of berserk rage {!q}
 E - 2 potions of curing {@q1}
 H - 5 potions of magic
 X - 5 potions of brilliance
Miscellaneous
 I - a lightning rod (4/4)
   (You bought it in a shop on level 6 of the Dungeon)
 J - a phial of floods
   (You found it on level 9 of the Dungeon)
 K - a tin of tremorstones (2/2) {throwing}
   (You found it on level 9 of the Dungeon)
 T - a phantom mirror (inert)
   (You found it on level 10 of the Dungeon)

Dungeon Overview and Level Annotations

Branches:
Dungeon (15/15)            Temple (0/1) D:5            Lair (5/5) D:11
 Shoals (4/4) Lair:3        Snake (4/4) Lair:2        Slime (0/5) Lair:5
    Orc (2/2) D:10            Elf (3/3) Orc:2        Vaults (5/5) D:13
  Crypt (0/3) Vaults:2     Depths (4/4) D:15            Zot (5/5) Depths:4
  IceCv (visited)         Volcano (visited)          WizLab (visited)
Gauntlet (visited)

Altars:
Ashenzari
Cheibriados
Dithmenos
Gozag
Kikubaaqudgha
Okawaru
Trog
Xom
Jiyva

Shops:
D:5 !   D:6 [=?=**=   D:10 :   Orc:2 [!*=[   Elf:1 !:(   Elf:2 !
Shoals:2 **([   Shoals:4 =   Snake:1 *   Snake:2 [[   Vaults:1 [   Vaults:2 *
Vaults:3 :   Vaults:4 ??=   Depths:1 [   Depths:2 *=

Portals:
Hell: Depths:1 Depths:2 Depths:3 Depths:4
Abyss: Depths:3 Depths:4
Pandemonium: Depths:2 Depths:4
Ziggurat: Depths:4

Annotations:
D:11 2 transporters, Tenar's ghost, adept DsEn
D:14 Roxanne
Lair:1 1 runed translucent door, alja1234's ghost, novice GnSu
Vaults:5 ...........WTF
Depths:4 2 runed translucent doors, exclusions: draconian stormcaller and 3 more exclusions, Zyku Vof's ghost, veteran MfIE

#......# #.#.## #.###[# #.######
#.#3# #.# #.. ####.##
#####.#.#####)##### ...#..##
#..................
##.#...#############.######.#####
#...#.........###♣~≈≈## #.#
###...##########>.♣≈≈≈# #.# ##.##
###..♣♣♣####.# #.# #@......'....#
#.# ###..♣♣♣###### #.# #..♣~≈≈#
#.############♣≈≈≈## #........).#
##### ##########.# #.#
############ #.# #...........
#.##### #.#########.


There were no monsters in sight!


Message History

No target in view!
What level of the Dungeon? (default 1, ? - help)
A ynoxinul comes into view.
The ynoxinul bellows! 😕 HP[+4]
You regained 4 hp, and now have 264/290 hp.
Unknown command.
Unknown command.
Unknown command.
The ynoxinul gestures. 😕 HP[+1]
Your extra speed is starting to run out. 😕 HP[+1]
The ufetubus attacks as it pursues you!
The ufetubus completely misses you. x2 😕 HP[+1]
The ufetubus attacks as it pursues you!
You block the ufetubus's attack. x2 😕 HP[+1]
There is a stone staircase leading up here.
The ufetubus hits you but does no damage. x2
The ufetubus resists.
The ufetubus is very cold.
You climb upwards.
There is a stone staircase leading down here. 😕 HP[+1]
What level of the Dungeon? (default 1, ? - help)
You feel yourself slow down.
There is a stone staircase leading up here.
You climb upwards.
There is a stone staircase leading down here.
Key pressed, stopping travel.
Unknown command. 😎 HP[+21]
Your hp is fully restored (290).
Unknown command.
Unknown command.
There is a stone staircase leading up here.
You climb upwards.
There is a stone staircase leading down here.
What level of the Dungeon? (default 1, ? - help)
A lorocyproca comes into view.
You whack the lorocyproca! You freeze the lorocyproca.
Your kick misses the lorocyproca. You barely miss the lorocyproca.
Your kick misses the lorocyproca. You block the lorocyproca's attack.
You hit the lorocyproca but do no damage.
Your kick misses the lorocyproca. You closely miss the lorocyproca.
The lorocyproca hits you but does no damage.
The lorocyproca resists.
The lorocyproca is very cold.
You closely miss the lorocyproca.
You claw the lorocyproca, but do no damage.
Your headbutt misses the lorocyproca. You closely miss the lorocyproca.
You claw the lorocyproca! You block the lorocyproca's attack.
You whack the lorocyproca! You freeze the lorocyproca.
Your kick misses the lorocyproca. You headbutt the lorocyproca!
You block the lorocyproca's attack.
You hit the lorocyproca. Your kick misses the lorocyproca.
You whack the lorocyproca! You freeze the lorocyproca.
You kill the lorocyproca!
No target in view!
What level of the Dungeon? (default 1, ? - help)
There is an open door here.
There is an opulent altar of Gozag here.
You open the door.
There is an open door here.
There is a stone staircase leading up here.
You climb upwards.
There is a stone staircase leading down here.
A Weh Dihu, a tentacled monstrosity and a lich come into view.
Unknown command.
You feel yourself speed up.
Unknown command.
Aiming: Dig
Press: ? - help, Shift-Dir - straight line A rock wall.
This square is covered in magical glow.
The rock shatters into small pieces.
Unknown command.
There is a stone staircase leading up here.
You climb upwards.
There is a stone staircase leading down here.
What level of the Dungeon? (default 1, ? - help) You're already here!
You see here a +0 robe.
Your extra speed is starting to run out.
You feel yourself slow down.
There is a stone staircase leading down here.
A Ycheps and a neqoxec come into view.
Unknown command.
Unknown command.
Aiming: Dig
Press: ? - help, Shift-Dir - straight line You can't see that place.
The rock shatters into small pieces.
You feel yourself speed up.
You feel very buoyant.
You fly up into the air.
Ycheps blinks!
There is a staircase leading out of the dungeon here.
You have escaped!

Skill      XL: |  1  2  3  4  5  6  7  8  9 10 11 12 13 14 15 16 17 18 19 20 21 22 23 24 25 26 27 |
---------------+----------------------------------------------------------------------------------+-----
Fighting       | 1 2 3 4 5 7 10 12 13 14 15 16 18 19 21 24 25 26 27 | 27.0
Earth Magic    | 3 4 5 7 |  7.0
Spellcasting   | 4 6 8 10 11 13 15 | 15.0
Conjurations   | 2 4 5 7 8 10 11 | 11.0
Evocations     | 2 5 7 |  7.0
Alchemy        | 6 7 8 9 10 | 10.0
Fire Magic     | 2 7 8 |  8.0
Dodging        | 3 9 10 12 | 12.0
Ice Magic      | 4 7 8 10 | 10.0
Air Magic      | 5 7 8 10 | 10.0
Maces & Flails | 8 11 12 14 19 20 | 20.0
Shields        | 7 12 | 12.0
Necromancy     | 2 |  2.0
Armour         | 4 10 12 16 19 | 19.0
Stealth        | |  1.4

Action                     |  1- 3 |  4- 6 |  7- 9 | 10-12 | 13-15 | 16-18 | 19-21 | 22-24 | 25-27 || total
---------------------------+-------+-------+-------+-------+-------+-------+-------+-------+-------++-------
  Melee: Unarmed           |    12 |       |       |       |       |       |       |       |       ||    12
         Headbutt          |     3 |       |     5 |    17 |    92 |   129 |   352 |   228 |   456 ||  1282
         Dagger            |     3 |       |       |       |       |       |       |       |       ||     3
         Halberd           |       |     1 |    17 |       |       |       |       |       |       ||    18
         Trident           |       |       |     5 |   118 |    92 |       |       |       |       ||   215
         Punch             |       |       |       |     1 |     1 |       |       |       |       ||     2
         Demon whip        |       |       |       |       |   295 |   487 |  1144 |   727 |  1256 ||  3909
         Kick              |       |       |       |       |       |       |       |       |   308 ||   308
         Maul              |       |       |       |       |       |       |       |       |     7 ||     7
  Throw: Dart              |       |     3 |     2 |     1 |       |       |       |       |       ||     6
   Cast: Sandblast         |    60 |    81 |   127 |    35 |    10 |       |       |       |       ||   313
         Stone Arrow       |       |     2 |    67 |   150 |    49 |    27 |     3 |     9 |       ||   307
         Olgreb's Toxic Ra |       |       |     6 |    57 |   128 |    75 |    67 |    74 |    45 ||   452
         Sticky Flame      |       |       |       |    21 |    29 |    26 |    15 |     6 |     4 ||   101
         Ignite Poison     |       |       |       |    10 |   101 |    60 |    33 |    43 |    30 ||   277
         Brom's Barrelling |       |       |       |       |    22 |     6 |     1 |     1 |       ||    30
         Freezing Cloud    |       |       |       |       |    53 |   223 |   119 |    70 |    57 ||   522
         Irradiate         |       |       |       |       |       |       |       |     6 |    11 ||    17
         Sublimation of Bl |       |       |       |       |       |       |       |       |     5 ||     5
 Invoke: Call Merchant     |       |       |     1 |       |     4 |     2 |     2 |       |     2 ||    11
         Potion Petition   |       |       |       |       |       |       |       |     1 |     6 ||     7
         Bribe Branch      |       |       |       |       |       |       |       |       |     1 ||     1
  Evoke: Wand              |       |       |    11 |     8 |       |     2 |     5 |    21 |     5 ||    52
         Lightning rod     |       |       |       |    11 |     1 |     9 |     4 |     3 |     4 ||    32
         Phial of floods   |       |       |       |     1 |       |     1 |     1 |       |       ||     3
         Tin of tremorston |       |       |       |       |     1 |     5 |     3 |     5 |     1 ||    15
         Phantom mirror    |       |       |       |       |       |     2 |     1 |     1 |     2 ||     6
    Use: Potion            |     1 |       |     1 |     1 |     2 |     6 |     4 |     6 |    41 ||    62
         Scroll            |     1 |     6 |    11 |    11 |     9 |    10 |     3 |     5 |    26 ||    82
   Stab: Sleeping          |       |       |       |     2 |     1 |       |       |       |       ||     3
         Distracted        |       |       |       |     1 |     2 |     1 |     6 |     3 |     7 ||    20
         Invisible         |       |       |       |       |       |       |     9 |    12 |    30 ||    51
 Armour: Robe              |    34 |    12 |    67 |   125 |   413 |   339 |       |       |       ||   990
         Storm dragon scal |       |       |       |       |       |   190 |   758 |   472 |   871 ||  2291
  Dodge: Dodged            |    25 |    21 |    84 |   133 |   291 |   198 |   249 |   297 |   572 ||  1870
  Block: Kite shield       |       |       |       |       |       |   278 |   441 |   306 |   464 ||  1489

Levels and vault maps discovered:
D:1:      saegor_arrival_simple_d, layout_loops_ring
D:2:      layout_loops_ring, uniq_sigmund, uniq_jessica
D:3:      layout_loops_cross, mainiacjoe_overflow_six_doors_small,
          xom_teletrap_fun, serial_co_window_serial, co_window_of_opportunity_a,
          co_window_paths_b, co_window_cross_1, co_window_corner_a,
          co_window_paths_b, co_window_of_opportunity_a, co_window_corner_a,
          co_window_corner_cb, co_window_2corner, co_window_2corner,
          co_window_unsneaky_path_b, co_window_corner_b,
          co_window_unsneaky_path_a, glass_columns_b, glass_columns_c,
          glass_columns_b, glass_columns_a
D:4:      layout_cave_pods, trog_book, serial_column_ruins,
          column_ruins_columns_T, column_ruins_open_small, column_ruins_grid_1,
          column_ruins_corridor_dead_end
D:5:      layout_layer_cave, temple_doors_e, serial_shops, shop,
          hangedman_decor_slide_cut, nicolae_underground_beach
D:6:      layout_basic, grunt_dithmenos_smoke, mainiacjoe_overflow_alcove_1,
          okawaru_altar_gauntlet_db, mainiacjoe_overflow_small_starburst,
          serial_library_hellmonk_double_dead_end
D:7:      layout_layer_cave, uniq_jeremiah, uniq_crazy_yiuf_cottage, uniq_joseph
D:8:      nicolae_hitomezashi [nicolae_hito_row, nicolae_hito_row,
          nicolae_hito_row, nicolae_hito_row, nicolae_hito_row,
          nicolae_hito_row, nicolae_hito_row, nicolae_hito_row,
          nicolae_hito_row, nicolae_hito_row, nicolae_hito_row,
          nicolae_hito_row, nicolae_hito_row, nicolae_hito_row,
          nicolae_hito_row, nicolae_hito_row, nicolae_hito_row,
          nicolae_hito_row], layout_basic
D:9:      layout_roguey, minmay_diamond_spiral
D:10:     minmay_gate_of_8, layout_basic, erik_orc_3, serial_curves,
          eino_curves_02, eino_curves_04, serial_shops, nicolae_shop_statue_plus
D:11:     layout_basic, david_lair_generic, gammafunk_ghost_wrathful_warriors,
          portal_ice_cave_entry_pillars_1, minmay_misc_feat_pillars
D:12:     layout_roguey, uniq_nergalle, uniq_snorg
D:13:     layout_long_grid, hellmonk_vaults_keyhole, trog_three_pillars_becter,
          uniq_kirke
D:14:     layout_big_octagon, serial_glass, glass_columns_c, glass_columns_b,
          uniq_lodul, uniq_roxanne, uniq_frances, uniq_rupert
D:15:     grunt_enter_depths_hoard, layout_stronghold, solitary_fountain
Lair:1:   layout_loops_ring, ebering_ghost_inner_flame, serial_bayou_shore_b,
          grunt_megastairs_5, uniq_sonja, uniq_amaemon
Lair:2:   layout_regular_city, alex1729_snake_entry_snake,
          gauntlet_entry_generic, grunt_megastairs_2
Lair:3:   layout_roguey, minmay_shoals_entry_beasts
Lair:4:   layout_roguey
Lair:5:   minmay_lair_end_frog_pond, layout_small_grid,
          nicolae_slime_entry_field_trip, nicolae_volcano_entry_batcave,
          serial_bayou_shore_b
Shoals:1: layout_shoals, nicolae_shoals_stone_sculpture_thing,
          lemuel_altar_in_water, nicolae_shoals_loop_pool
Shoals:2: nicolae_shoals_mermall, layout_shoals
Shoals:3: layout_shoals
Shoals:4: shoals_end_simple, layout_shoals, serial_shops, bzr_entry_customers,
          nicolae_shop_unique_rings, uniq_louise, uniq_polyphemus
Snake:1:  layout_grid_shapes, serial_shops, shop
Snake:2:  layout_grid_maze, serial_shops, nicolae_shop_just_a_little_nook, shop
Snake:3:  layout_concentric_octagons, nicolae_snake_snakewalk, uniq_mlioglotl,
          uniq_mara, uniq_agnes
Snake:4:  snake_pit_salamanders_mu, layout_misc_corridors, basic_altar
Orc:1:    layout_diamond_mine
Orc:2:    st_orc_ogre_mass, layout_caves, special_room, serial_shops, shop
Elf:1:    eino_elf_arrival_the_gate, layout_gridlike, serial_shops,
          bzr_entry_safe, shop, shop, nicolae_shop_crystal, evilmike_minifort,
          uniq_nikola
Elf:2:    elven_hall_of_blades_hangedman_original [nooodl_blade_entry_preview],
          layout_geoelf_octagon, serial_shops, nicolae_shop_tiny_glass,
          serial_sigils_hangedman_stare, eino_tiny_chamber,
          kilobyte_rumbling_trees
Elf:3:    minmay_elf_hall_circle, layout_gridlike, minivault_28
Vaults:1: mu_enter_wizlab_5, v_pattern_1, nicolae_vaults_heist,
          nicolae_vaults_whirlpool_walls, nicolae_vaults_tangram_2,
          nicolae_vaults_mini_display_case, hangedman_vaults_corner_blocks,
          vaults_room_octagon, v_misc_5, layout_vaults_ring, serial_shops, shop
Vaults:2: grunt_vaults_focal, nicolae_vaults_offset_grid_hallway_3,
          minmay_crypt_entry_skeletal_spiral, nicolae_vaults_turnstiles,
          vaults_mumra_minichess, minmay_orc_keep,
          nicolae_vaults_offset_grid_hallway_2,
          nicolae_vaults_trapezoid_lopsided_2,
          nicolae_vaults_heart-shaped_vault, v_misc_18,
          nicolae_vaults_heart-shaped_vault,
          hangedman_vaults_stretched_pinwheel, vaults_dpeg_ring,
          nicolae_vaults_house_1, layout_vaults_maze_snakey
Vaults:3: v_alt_pattern_5, nicolae_vaults_weapon_check,
          serial_library_hellmonk_reading_circle, hangedman_vaults_stitches,
          v_pattern_2, nicolae_vaults_closet_pinwheel_6,
          nicolae_vaults_gold_heap, v_rooms_3, grunt_vaults_hallway_short,
          layout_vaults_omnicross, serial_shops, shop
Vaults:4: v_misc_13, hangedman_vaults_hat, vaults_room_pool,
          nicolae_vaults_double_plus_2, nicolae_vaults_stepped_doors,
          vaults_dpeg_hooks, nicolae_vaults_double_plus_1,
          nicolae_vaults_network_square, v_misc_33, vaults_room_boxed,
          nicolae_vaults_sightless_eye, nicolae_vaults_tetromino_Z_1,
          layout_vaults_omnibox, uniq_norris, uniq_bai_suzhen
Vaults:5
Depths:1: layout_cave_shapes, hangedman_tar_grid_catacomb,
          corexii_leaking_fountain, hangedman_decor_growths, moated_statue,
          hangedman_devilish_allure, firewood_loft, minmay_shop_star
Depths:2: kennysheep_large_vault, layout_cave_pools, hell_entry,
          rand_demon_pan_entry_5, serial_shops, shop_fountains,
          nicolae_shop_back_alley_shop, infiniplex_staircase_x
Depths:3: grunt_arcs, layout_cave_shapes, lightli_too_deep,
          serial_bayou_shore_b, abyss_entry_crystal,
          minmay_hollow_rounded_squares
Depths:4: evilmike_zot_entry_argh, layout_cave_shapes, enter_ziggurat_d,
          hell_entry, ebering_ghost_disaster_area, abyss_entry,
          grunt_pan_entry_in_and_out, amcnicky_mini_rare_corridor_liquid,
          corexii_hall_statues_l
Zot:1:    grunt_zot_stairs_mandelzot, layout_gridlike,
          ebering_ghost_reflecting_pool, regret_index_zotdec_fiery_em
Zot:2:    layout_basic, gammafunk_ghost_abyssal_escape, bh_zot_lava_cross,
          zot_minivault_1
Zot:3:    layout_onion, hellmonk_ghost_happy_afterlife,
          regret_index_zotdec_dark_gr
Zot:4:    layout_basic, st_single_dragon_hoard_1
Zot:5:    layout_cellular_growth, skrybe_zot_glass_1

Notes
Turn   | Place    | Note
-------+----------+-------------------------------------------
     0 | D:1      | MackTheKnife the Oni Earth Elementalist began the quest for
                  | the Orb.
     0 | D:1      | Reached XP level 1. HP: 16/16 MP: 3/3
     0 | D:1      | magus.rc [v1.9.6]
    17 | D:1      | You add the spells Cigotuvi's Dreadful Rot, Ignite Poison
                  | and Freezing Cloud to your library.
   168 | D:1      | Reached skill level 1 in Fighting
   179 | D:1      | Reached skill level 3 in Earth Magic
   179 | D:1      | Gained mutation: You gain doubled healing and magic from
                  | potions. [Oni growth]
   179 | D:1      | Gained mutation: You have a pair of small horns on your
                  | head. [Oni growth]
   179 | D:1      | Gained mutation: You have tough skin. (AC +1) [Oni growth]
   179 | D:1      | Reached XP level 2. HP: 22/27 MP: 0/5
   330 | D:1      | Reached skill level 2 in Fighting
   532 | D:1      | Reached XP level 3. HP: 35/35 MP: 2/6
  1307 | D:2      | Noticed Sigmund
  1407 | D:2      | Reached skill level 3 in Fighting
  1474 | D:2      | Reached XP level 4. HP: 28/45 MP: 1/7
  1687 | D:2      | Killed Sigmund
  1688 | D:2      | Reached skill level 4 in Fighting
  1688 | D:2      | Reached skill level 4 in Earth Magic
  1688 | D:2      | Reached skill level 4 in Spellcasting
  1688 | D:2      | Reached XP level 5. HP: 54/54 MP: 1/11
  1688 | D:2      | Reached XP level 6. HP: 62/62 MP: 1/12
  1692 | D:2      | Learned a level 3 spell: Stone Arrow
  2014 | D:2      | Noticed Jessica
  2018 | D:2      | Killed Jessica
  2135 | D:2      | Reached skill level 1 in Conjurations
  2704 | D:3      | Found a shimmering altar of Xom.
  2946 | D:3      | Found an opulent altar of Gozag.
  2951 | D:3      | Became a worshipper of Gozag Ym Sagoz the Greedy
  3212 | D:3      | You add the spells Sting, Mercury Vapours and Olgreb's
                  | Toxic Radiance to your library.
  3798 | D:4      | Reached skill level 2 in Conjurations
  3798 | D:4      | Reached XP level 7. HP: 70/70 MP: 5/13
  3878 | D:4      | Noticed a steam dragon
  4194 | D:4      | Noticed a steam dragon
  4211 | D:4      | Killed a steam dragon
  4212 | D:4      | Reached skill level 3 in Conjurations
  4212 | D:4      | Reached skill level 5 in Earth Magic
  4465 | D:4      | Killed a steam dragon
  4466 | D:4      | Reached skill level 4 in Conjurations
  4466 | D:4      | Reached skill level 5 in Fighting
  4634 | D:4      | Found a bloodstained altar of Trog.
  5091 | D:5      | Entered Level 5 of the Dungeon
  5162 | D:5      | Reached XP level 8. HP: 81/81 MP: 7/15
  5476 | D:5      | Found Vihug's Distillery.
  5490 | D:5      | Reached skill level 5 in Spellcasting
  5599 | D:5      | Bought a potion of haste for 150 gold pieces
  5599 | D:5      | Bought a potion of curing for 45 gold pieces
  5599 | D:5      | Bought a potion of curing for 45 gold pieces
  5648 | D:5      | Reached skill level 6 in Fighting
  5810 | D:5      | You pick up a book of Decay and begin reading...
  5810 | D:5      | You add the spells Dispel Undead and Death Channel to your
                  | library.
  6093 | D:5      | Found a staircase to the Ecumenical Temple.
  6792 | D:6      | Reached skill level 5 in Conjurations
  6879 | D:6      | You pick up a book of Displacement and begin reading...
  6879 | D:6      | You add the spells Lesser Beckoning, Gell's Gravitas and
                  | Teleport Other to your library.
  6967 | D:6      | Reached skill level 1 in Evocations
  6974 | D:6      | Reached skill level 2 in Evocations
  6976 | D:6      | Reached skill level 7 in Fighting
  6976 | D:6      | Reached skill level 6 in Spellcasting
  7216 | D:6      | Reached XP level 9. HP: 96/96 MP: 13/18
  7279 | D:6      | Reached skill level 8 in Fighting
  7288 | D:6      | Found a snail-covered altar of Cheibriados.
  7351 | D:6      | You pick up a book of Burglary and begin reading...
  7351 | D:6      | You add the spells Ensorcelled Hibernation and Swiftness to
                  | your library.
  7441 | D:6      | Found a broken altar of Ashenzari.
  7562 | D:6      | Found a shadowy altar of Dithmenos.
  7711 | D:6      | HP: 23/97 [centaur/arrow (11)]
  7712 | D:6      | Reached skill level 9 in Fighting
  7956 | D:6      | You pick up a book of Lightning and begin reading...
  7956 | D:6      | You add the spells Vhi's Electric Charge, Arcjolt and
                  | Plasma Beam to your library.
  8071 | D:6      | Found an iron altar of Okawaru.
  8426 | D:7      | Noticed Joseph
  8516 | D:7      | Noticed Jeremiah
  8766 | D:7      | Reached skill level 10 in Fighting
  8766 | D:7      | Reached skill level 1 in Alchemy
  8847 | D:6      | Learned a level 4 spell: Olgreb's Toxic Radiance
  8972 | D:7      | Reached skill level 2 in Alchemy
  9117 | D:7      | Killed Jeremiah
  9118 | D:7      | Reached skill level 3 in Alchemy
  9356 | D:7      | Reached skill level 4 in Alchemy
  9485 | D:7      | Identified the +4 ring mail of the Arcane {Dex+3 Stlth-}
  9506 | D:7      | Noticed a hornet
  9511 | D:7      | Killed a hornet
  9512 | D:7      | Reached skill level 5 in Alchemy
 10164 | D:7      | Found a runed translucent door.
 10165 | D:7      | Noticed Crazy Yiuf
 10170 | D:7      | Killed Crazy Yiuf
 10420 | D:7      | Reached skill level 6 in Alchemy
 10420 | D:7      | Reached XP level 10. HP: 110/110 MP: 11/19
 10574 | D:8      | Reached skill level 7 in Alchemy
 10833 | D:8      | You pick up a book of Flames and begin reading...
 10833 | D:8      | You add the spells Inner Flame, Sticky Flame and Flame Wave
                  | to your library.
 11028 | D:8      | Reached skill level 3 in Evocations
 11929 | D:9      | Reached skill level 11 in Fighting
 12184 | D:6      | Bought a lightning rod (4/4) for 560 gold pieces
 12256 | D:9      | Reached skill level 4 in Evocations
 12723 | D:9      | Noticed a manticore
 12724 | D:9      | Reached skill level 12 in Fighting
 12730 | D:9      | Killed a manticore
 12731 | D:9      | Reached skill level 5 in Evocations
 12983 | D:9      | Reached XP level 11. HP: 78/123 MP: 9/20
 13470 | D:9      | Reached skill level 6 in Evocations
 13731 | D:10     | Entered Level 10 of the Dungeon
 14208 | D:10     | Noticed a two-headed ogre
 14219 | D:10     | Reached skill level 7 in Evocations
 14220 | D:10     | Noticed a two-headed ogre
 14233 | D:10     | Killed a two-headed ogre
 14238 | D:10     | Killed a two-headed ogre
 14424 | D:10     | Reached skill level 7 in Spellcasting
 14487 | D:10     | Found Ciblyon's Book Emporium.
 14657 | D:10     | Found a staircase to the Orcish Mines.
 14675 | D:10     | Noticed a cyclops
 14768 | D:10     | Reached skill level 13 in Fighting
 15128 | D:10     | Noticed a great orb of eyes
 15128 | D:10     | Noticed a deep elf zephyrmancer
 15128 | D:10     | Noticed a glowing orange brain
 15129 | D:10     | Found a runed translucent door.
 15131 | D:10     | Noticed a flayed ghost
 15131 | D:10     | Noticed a flayed ghost
 15131 | D:10     | Noticed a deep elf archer
 15480 | D:11     | Noticed a two-headed ogre
 15486 | D:11     | Killed a two-headed ogre
 15487 | D:11     | Reached skill level 8 in Spellcasting
 15533 | D:11     | You pick up a book of Decay and begin reading...
 15562 | D:11     | Found a frozen archway.
 15578 | IceCv    | Entered an ice cave
 16011 | IceCv    | Learned a level 4 spell: Sticky Flame
 16018 | IceCv    | Reached skill level 1 in Fire Magic
 16161 | IceCv    | Reached skill level 2 in Fire Magic
 16310 | IceCv    | HP: 32/128 [constriction (1)]
 16313 | IceCv    | Reached XP level 12. HP: 97/137 MP: 14/24
 16351 | IceCv    | Reached skill level 3 in Fire Magic
 16671 | IceCv    | Reached skill level 4 in Fire Magic
 16759 | IceCv    | Learned a level 4 spell: Ignite Poison
 17189 | IceCv    | Reached skill level 5 in Fire Magic
 17723 | IceCv    | Reached skill level 6 in Fire Magic
 18082 | D:11     | You pick up a book of Touch and begin reading...
 18082 | D:11     | You add the spells Kiss of Death and Confusing Touch to
                  | your library.
 18435 | D:11     | Found a staircase to the Lair.
 18459 | D:11     | Reached skill level 7 in Fire Magic
 18625 | D:11     | Reached skill level 14 in Fighting
 18638 | D:11     | Reached skill level 9 in Spellcasting
 18781 | D:11     | Found a transporter.
 18790 | D:11     | Found a transporter.
 18790 | D:11     | Found a bloodstained altar of Trog.
 19130 | D:11     | Noticed Tenar's ghost (adept DsEn)
 19464 | D:10     | Killed a great orb of eyes
 19465 | D:10     | Reached skill level 10 in Spellcasting
 19775 | D:10     | Reached skill level 6 in Conjurations
 19787 | D:10     | HP: 34/139 [flayed ghost/flay_damage (9)]
 19790 | D:10     | Reached skill level 7 in Conjurations
 19790 | D:10     | Reached XP level 13. HP: 105/146 MP: 4/27
 19839 | D:10     | HP: 35/146 [something (19)]
 20212 | D:10     | Identified the ring of Ebrutoz {Fire Will+ rCorr}
 20215 | D:10     | You add the spells Summon Small Mammal and Call Imp to your
                  | library.
 20215 | D:10     | Got Hyake's Volume of Calorific Companions
 20307 | Lair:1   | Entered Level 1 of the Lair of Beasts
 20313 | Lair:1   | Learned a level 4 spell: Brom's Barrelling Boulder
 20313 | Lair:1   | magus.rc [v1.9.6]
 20400 | Lair:1   | Reached skill level 6 in Earth Magic
 20521 | Lair:1   | Found a runed translucent door.
 20521 | Lair:1   | Noticed alja1234's ghost (novice GnSu)
 20770 | Lair:1   | You fall into a shaft and drop 1 floor!
 20773 | Lair:2   | Found a gate leading to a gauntlet.
 20782 | Gauntlet | Entered a Gauntlet
 20782 | Gauntlet | Found a transporter.
 20782 | Gauntlet | Found a large runed translucent door.
 20782 | Gauntlet | Found a large runed translucent door.
 20782 | Gauntlet | Found a large runed translucent door.
 20782 | Gauntlet | Found a large runed translucent door.
 20782 | Gauntlet | Found a runed translucent door.
 20782 | Gauntlet | Found a runed translucent door.
 20782 | Gauntlet | Found a large runed translucent door.
 20782 | Gauntlet | Found a large runed translucent door.
 20782 | Gauntlet | Found a large runed translucent door.
 20782 | Gauntlet | Found a large runed translucent door.
 20782 | Gauntlet | Found a large runed translucent door.
 20782 | Gauntlet | Found a large runed translucent door.
 20783 | Gauntlet | Found a large runed translucent door.
 20783 | Gauntlet | Found a large runed translucent door.
 20784 | Gauntlet | Found a large runed translucent door.
 20784 | Gauntlet | Found a large runed translucent door.
 20784 | Gauntlet | Found a large runed translucent door.
 20784 | Gauntlet | Found a large runed translucent door.
 20791 | Gauntlet | Found a transporter.
 20794 | Gauntlet | Found a runed translucent gate.
 20794 | Gauntlet | Found a runed translucent gate.
 20794 | Gauntlet | Found a runed translucent gate.
 20796 | Gauntlet | Found a transporter.
 20800 | Gauntlet | Found a transporter.
 20800 | Gauntlet | Found a transporter.
 20824 | Gauntlet | Found a transporter.
 20826 | Gauntlet | Noticed a reaper
 20829 | Gauntlet | Found a transporter.
 20844 | Gauntlet | Found a transporter.
 20863 | Gauntlet | Found a transporter.
 20873 | Gauntlet | Noticed a quicksilver ooze
 20875 | Gauntlet | Found a transporter.
 20901 | Gauntlet | Found a transporter.
 20904 | Gauntlet | Noticed a dire elephant
 20913 | Gauntlet | Found a transporter.
 20925 | Gauntlet | Found a transporter.
 21078 | Gauntlet | Reached skill level 7 in Earth Magic
 21078 | Gauntlet | Reached skill level 2 in Dodging
 21093 | Gauntlet | Found a transporter.
 21288 | Gauntlet | Reached skill level 3 in Dodging
 21298 | Gauntlet | Identified the ring "Asywieco" {Int+4 Dex+3 Slay+4}
 21469 | Gauntlet | Noticed a minotaur
 21483 | Gauntlet | Killed a minotaur
 21616 | Gauntlet | You pick up a book of Blood and begin reading...
 21616 | Gauntlet | You add the spells Sublimation of Blood and Summon Hydra to
                  | your library.
 21617 | Gauntlet | X - +0 storm dragon scales {rare}
 21630 | Gauntlet | You finish putting on your +0 storm dragon scales {rare}.
 21635 | Gauntlet | You finish taking off your +0 storm dragon scales {rare}.
 21652 | Gauntlet | You finish putting on your +0 storm dragon scales {rare}.
 21659 | Gauntlet | You finish taking off your +0 storm dragon scales {rare}.
 21678 | Lair:2   | Learned a level 5 spell: Freezing Cloud
 21964 | Lair:2   | Reached skill level 1 in Ice Magic
 21964 | Lair:2   | Reached skill level 1 in Air Magic
 22149 | Lair:2   | Reached skill level 2 in Air Magic
 22299 | Lair:2   | Reached skill level 15 in Fighting
 22299 | Lair:2   | Reached skill level 2 in Ice Magic
 22752 | Lair:2   | Reached skill level 3 in Air Magic
 22785 | Lair:2   | Reached skill level 3 in Ice Magic
 23072 | Lair:2   | Found a staircase to the Snake Pit.
 23328 | Lair:1   | Reached skill level 4 in Ice Magic
 23328 | Lair:1   | Reached skill level 4 in Air Magic
 23362 | Lair:1   | Noticed Sonja
 23364 | Lair:1   | Killed Sonja
 23643 | Lair:1   | Noticed Amaemon
 23655 | Lair:1   | Killed Amaemon
 24434 | D:6      | Bought the ring of Syd Xane {Will+ Str+6} for 680 gold
                  | pieces
 24450 | D:6      | You finish putting on your +0 storm dragon scales {rare}.
 24455 | D:6      | You finish taking off your +0 storm dragon scales {rare}.
 24464 | D:6      | Bought an amulet of magic regeneration for 420 gold pieces
 24817 | Lair:3   | Reached skill level 5 in Air Magic
 24817 | Lair:3   | Reached XP level 14. HP: 159/159 MP: 17/28
 24958 | Lair:3   | Reached skill level 5 in Ice Magic
 25478 | Lair:3   | Found a staircase to the Shoals.
 25704 | Lair:3   | Reached skill level 6 in Ice Magic
 25704 | Lair:3   | Reached skill level 6 in Air Magic
 26130 | Lair:4   | Identified the +2 robe "Lozuacsycw" {rPois Will++ Int-4
                  | SInv}
 26867 | Lair:5   | Entered Level 5 of the Lair of Beasts
 26879 | Lair:5   | Found a viscous altar of Jiyva.
 26879 | Lair:5   | Found a staircase to the Slime Pits.
 26916 | Lair:5   | Reached skill level 7 in Ice Magic
 26916 | Lair:5   | Reached skill level 7 in Air Magic
 26971 | Lair:5   | Reached skill level 1 in Maces & Flails
 26985 | Lair:5   | Reached skill level 2 in Maces & Flails
 27149 | Lair:5   | Reached skill level 3 in Maces & Flails
 27151 | Lair:5   | Found a dark tunnel.
 27215 | Volcano  | Entered a volcano
 27697 | Volcano  | Found a radiant altar of Vehumet.
 27703 | Volcano  | Reached skill level 4 in Maces & Flails
 27858 | Volcano  | Noticed a red draconian
 27866 | Volcano  | Killed a red draconian
 28064 | Volcano  | Reached skill level 5 in Maces & Flails
 28349 | Lair:5   | Reached skill level 6 in Maces & Flails
 28689 | Lair:5   | Reached skill level 7 in Maces & Flails
 28900 | Lair:5   | Reached skill level 8 in Maces & Flails
 29008 | Lair:5   | n - +1 storm dragon scales {rare}
 29009 | Lair:5   | You drop +0 storm dragon scales {rare}.
 29038 | Lair:5   | Reached XP level 15. HP: 167/167 MP: 18/29
 29289 | Lair:5   | Reached skill level 9 in Maces & Flails
 30172 | D:11     | magus.rc [v1.9.6]
 30224 | Orc:1    | Entered Level 1 of the Orcish Mines
 30997 | Orc:2    | Entered Level 2 of the Orcish Mines
 31121 | Orc:2    | Reached skill level 10 in Maces & Flails
 31475 | Orc:2    | Found a staircase to the Elven Halls.
 31490 | Orc:2    | Found Woughaog's Armour Boutique.
 31491 | Orc:2    | Found Gebiny's Distillery.
 31491 | Orc:2    | Found Taifost's Jewellery Shop.
 31491 | Orc:2    | Found Yvattam's Assorted Antiques.
 31506 | Orc:2    | Bought a potion of heal wounds for 70 gold pieces
 31506 | Orc:2    | Bought a potion of might for 56 gold pieces
 32085 | Orc:2    | Found Eggeed's Armour Emporium.
 32093 | Orc:2    | Bought a +0 kite shield for 67 gold pieces
 32374 | D:6      | You finish putting on your +1 storm dragon scales {rare}.
 32379 | D:6      | You finish taking off your +1 storm dragon scales {rare}.
 33117 | D:12     | Noticed Snorg
 33125 | D:12     | Killed Snorg
 33126 | D:12     | Reached skill level 8 in Conjurations
 33179 | D:12     | Noticed Nergalle
 33183 | D:12     | Killed Nergalle
 33184 | D:12     | Reached skill level 8 in Ice Magic
 33184 | D:12     | Reached skill level 8 in Air Magic
 33263 | D:12     | You pick up a book of Transmutation and begin reading...
 33453 | D:12     | magus.rc [v1.9.6]
 33475 | D:12     | magus.rc [v1.9.6]
 33485 | D:12     | You finish putting on your +1 storm dragon scales {rare}.
 33490 | D:12     | You finish taking off your +1 storm dragon scales {rare}.
 33495 | D:12     | magus.rc [v1.9.6]
 33543 | D:13     | Noticed Kirke
 33554 | D:13     | Killed Kirke
 33812 | D:13     | Found a bloodstained altar of Trog.
 34907 | D:13     | Reached skill level 16 in Fighting
 34977 | D:13     | Found a gate to the Vaults.
 35374 | D:6      | Bought a scroll of enchant armour for 97 gold pieces
 35493 | D:14     | You pick up a book of Ice and begin reading...
 35493 | D:14     | You add the spells Ozocubu's Refrigeration and Polar Vortex
                  | to your library.
 35503 | D:14     | Reached skill level 11 in Maces & Flails
 35689 | D:14     | Noticed Lodul
 35690 | D:14     | Noticed Rupert
 35692 | D:14     | Reached XP level 16. HP: 141/179 MP: 17/30
 35694 | D:14     | Killed Lodul
 35696 | D:14     | Killed Rupert
 35696 | D:14     | Noticed Frances
 35979 | D:14     | Killed Frances
 36192 | D:14     | Noticed Roxanne
 37030 | D:15     | Entered Level 15 of the Dungeon
 37054 | D:15     | Reached skill level 17 in Fighting
 37378 | D:15     | Reached skill level 12 in Maces & Flails
 37461 | D:15     | Found a staircase to the Depths.
 37727 | D:15     | HP: 40/183 [freezing wraith (8)]
 38777 | D:15     | Reached skill level 18 in Fighting
 38831 | D:15     | Reached skill level 1 in Shields
 39597 | D:7      | Killed Joseph
 39598 | D:7      | Reached skill level 2 in Shields
 39861 | Snake:1  | Entered Level 1 of the Snake Pit
 39987 | Snake:1  | You pick up a book of Vapours and begin reading...
 40043 | Snake:1  | Reached skill level 3 in Shields
 40069 | Snake:1  | Learned a level 2 spell: Sublimation of Blood
 40188 | Snake:1  | Reached skill level 1 in Necromancy
 40564 | Snake:1  | Reached skill level 2 in Necromancy
 40714 | Snake:1  | Found Hidgh's Assorted Antiques.
 40720 | Snake:1  | Reached skill level 4 in Shields
 41031 | Snake:1  | You finish putting on your +1 storm dragon scales {rare}.
 41036 | Snake:1  | You finish taking off your +1 storm dragon scales {rare}.
 41270 | Orc:2    | Bought the +1 robe "Obeank" {rElec} for 295 gold pieces
 41579 | Snake:2  | Reached skill level 5 in Shields
 42307 | Snake:1  | magus.rc [v1.9.6]
 42389 | Shoals:1 | Entered Level 1 of the Shoals
 42536 | Shoals:1 | Reached skill level 6 in Shields
 43111 | Shoals:1 | Reached skill level 7 in Shields
 43296 | Shoals:1 | Found an iron altar of Okawaru.
 43309 | Shoals:1 | Reached XP level 17. HP: 193/193 MP: 19/31
 43637 | Shoals:1 | You pick up a book of Fire and begin reading...
 43637 | Shoals:1 | You add the spells Foxfire and Starburst to your library.
 43915 | Shoals:2 | Reached skill level 8 in Shields
 44175 | Shoals:2 | Reached skill level 9 in Shields
 44758 | Shoals:2 | Found Poghaci's Visitors' Centre.
 44776 | Shoals:2 | HP: 46/193 [merfolk javelineer/javelin (20)]
 44972 | Shoals:2 | Reached skill level 10 in Shields
 45089 | Shoals:2 | Found Poghaci's Merfolk Armours.
 45089 | Shoals:2 | Found Poghaci's Merfolk Magic.
 45089 | Shoals:2 | Found Poghaci's Merfolk Weapons.
 46481 | Shoals:3 | Reached skill level 11 in Shields
 46842 | Shoals:4 | Entered Level 4 of the Shoals
 46860 | Shoals:4 | Noticed Louise
 46868 | Shoals:4 | Killed Louise
 46917 | Shoals:4 | Found a flickering gateway to a bazaar.
 46953 | Bazaar   | Entered a bazaar
 47018 | Bazaar   | Found Waisof's Antique Weapon Boutique.
 47022 | Bazaar   | Found Kienn's Armour Boutique.
 47022 | Bazaar   | Found Meonoyt's Jewellery Boutique.
 47023 | Bazaar   | Found Leunesch's Antique Weapon Boutique.
 47162 | Shoals:4 | Found Molikini's One-of-a-Kind Rings.
 47205 | Shoals:4 | Reached skill level 12 in Shields
 47412 | Shoals:4 | Noticed a kraken
 47420 | Shoals:4 | Killed a kraken
 47421 | Shoals:4 | Reached skill level 1 in Armour
 47488 | Shoals:4 | Reached skill level 3 in Armour
 47747 | Shoals:4 | Got a barnacled rune of Zot
 47777 | Shoals:4 | Noticed Polyphemus
 47842 | Shoals:4 | Reached skill level 4 in Armour
 47871 | Shoals:4 | Identified the amulet "Riwiag" {Acrobat *Corrode +Inv Fly
                  | Str+2}
 47898 | Shoals:4 | Killed Polyphemus
 47899 | Shoals:4 | Reached XP level 18. HP: 167/204 MP: 15/32
 47989 | Shoals:4 | Found the +10 dark maul {heavy}
 47998 | Shoals:4 | Reached skill level 5 in Armour
 48311 | Shoals:4 | Reached skill level 6 in Armour
 48582 | Shoals:4 | Reached skill level 7 in Armour
 48661 | Shoals:4 | You add the spells Dimensional Bullseye and Summon Forest
                  | to your library.
 48661 | Shoals:4 | Got the Tome of the Planar Sixfirhy
 48706 | Shoals:4 | You pick up a book of Conjurations {@e2} and begin
                  | reading...
 48706 | Shoals:4 | You add the spells Magic Dart, Searing Ray and Fulminant
                  | Prism to your library.
 49040 | D:6      | You finish putting on your +1 storm dragon scales {rare}.
 49294 | Shoals:4 | Bought the ring of Piexosyi {rF+ rN+ Str+6 Stlth-} for 950
                  | gold pieces
 49296 | Shoals:4 | your +1 storm dragon scales {rare} glow green for a moment.
 49297 | Shoals:4 | your +2 storm dragon scales {rare} glow green for a moment.
 49298 | Shoals:4 | your +3 storm dragon scales {rare} glow green for a moment.
 49299 | Shoals:4 | your +4 storm dragon scales {rare} glow green for a moment.
 49300 | Shoals:4 | your +5 storm dragon scales {rare} glow green for a moment.
 49301 | Shoals:4 | your +6 storm dragon scales {rare} glow green for a moment.
 49302 | Shoals:4 | your +7 storm dragon scales {rare} glow green for a moment.
 49756 | Snake:2  | Reached skill level 8 in Armour
 49799 | Snake:2  | Found Ynum's Armour Emporium.
 50291 | Snake:2  | You pick up a book of Decay and begin reading...
 50430 | Snake:2  | Found Yxzor's Armour Shoppe.
 50435 | Snake:2  | Bought a +1 hat of see invisible for 240 gold pieces
 50470 | Snake:2  | Reached skill level 9 in Armour
 51558 | Snake:3  | magus.rc [v1.9.6]
 51705 | Snake:3  | Gained mutation: You are robust. (+10% HP) [potion of
                  | mutation]
 51705 | Snake:3  | Gained mutation: Your flesh is heat resistant. (rF+)
                  | [potion of mutation]
 52152 | Snake:3  | Reached skill level 10 in Armour
 52171 | Snake:3  | Noticed Mara
 52177 | Snake:3  | Noticed MackTheKnife's illusion
 52183 | Snake:4  | Entered Level 4 of the Snake Pit
 52217 | Snake:4  | Found an ancient bone altar of Kikubaaqudgha.
 52360 | Snake:4  | You pick up a book of Scorching and begin reading...
 52360 | Snake:4  | You add the spells Scorch and Summon Cactus Giant to your
                  | library.
 52594 | Snake:3  | Noticed Agnes
 52605 | Snake:3  | Killed Agnes
 52771 | Snake:3  | Noticed MackTheKnife's illusion
 52782 | Snake:3  | Killed Mara
 53096 | Snake:3  | Noticed Mlioglotl
 53111 | Snake:3  | Killed Mlioglotl
 53446 | Snake:3  | Reached XP level 19. HP: 231/232 MP: 28/33
 53479 | Snake:3  | Reached skill level 9 in Conjurations
 53614 | Snake:3  | Reached skill level 9 in Ice Magic
 53625 | Snake:3  | Reached skill level 9 in Air Magic
 54418 | Snake:4  | Learned a level 3 spell: Mephitic Cloud
 55853 | Snake:4  | Reached skill level 10 in Conjurations
 55860 | Snake:4  | Reached skill level 10 in Ice Magic
 55860 | Snake:4  | Reached skill level 10 in Air Magic
 56130 | Snake:4  | Got a serpentine rune of Zot
 56645 | Vaults:1 | Entered Level 1 of the Vaults
 56665 | Vaults:1 | magus.rc [v1.9.6]
 56665 | Vaults:1 | magus.rc [v1.9.6]
 56671 | Vaults:1 | magus.rc [v1.9.6]
 56727 | Vaults:1 | Reached skill level 11 in Spellcasting
 56802 | Vaults:1 | Found a magical portal.
 56859 | WizLab   | Entered The Roulette of Golubria
 56859 | WizLab   | Found a transporter.
 56863 | WizLab   | Found the +1 cloak of Starlight {*Dazzle EV+4 Stlth--}
 56863 | WizLab   | Found a corrupted altar of Lugonu.
 56940 | WizLab   | Found a transporter.
 56959 | WizLab   | Reached skill level 19 in Fighting
 57029 | WizLab   | Found a transporter.
 57039 | WizLab   | Found a corrupted altar of Lugonu.
 57087 | WizLab   | Found a transporter.
 57221 | WizLab   | Found a transporter.
 57334 | WizLab   | Found a transporter.
 57334 | WizLab   | Found a transporter.
 57421 | WizLab   | Found a transporter.
 57421 | WizLab   | Found a transporter.
 57512 | WizLab   | You add the spells Apportation and Iskenderun's Mystic
                  | Blast to your library.
 57512 | WizLab   | Got the Spellbook of Portals
 58022 | Vaults:1 | Found Poozyoh's Armour Boutique.
 58035 | Vaults:1 | Reached XP level 20. HP: 216/248 MP: 17/35
 58057 | Vaults:1 | Reached skill level 12 in Spellcasting
 58253 | Vaults:1 | Reached skill level 20 in Fighting
 58618 | Vaults:2 | You pick up a book of Minor Magic and begin reading...
 59267 | Vaults:2 | Reached skill level 21 in Fighting
 59505 | Vaults:2 | Gained mutation: You occasionally lose the ability to drink
                  | potions when taking damage. [mutagenic glow]
 59839 | Vaults:2 | Found a staircase to the Crypt.
 60015 | Vaults:2 | Reached skill level 11 in Armour
 61094 | Vaults:2 | Reached skill level 12 in Armour
 61627 | Vaults:1 | Reached skill level 13 in Spellcasting
 62504 | Vaults:1 | Identified the ring "Jaleehio" {rF+ rC- Int+5 SInv Stlth+}
 62547 | Vaults:1 | magus.rc [v1.9.6]
 62570 | Vaults:2 | magus.rc [v1.9.6]
 62584 | Vaults:2 | Reached XP level 21. HP: 251/265 MP: 38/38
 62617 | Vaults:2 | Bought a potion of heal wounds for 160 gold pieces
 62617 | Vaults:2 | Bought a potion of curing for 96 gold pieces
 62739 | Vaults:3 | Reached skill level 14 in Spellcasting
 63621 | D:6      | Bought the amulet "Sogesir" {Acrobat +Inv rPois rF- Str+4}
                  | for 793 gold pieces
 63881 | Vaults:3 | Reached skill level 4 in Dodging
 63943 | Vaults:3 | Found Ottorph's Book Boutique.
 63946 | Vaults:3 | You pick up a book of Party Tricks and begin reading...
 63946 | Vaults:3 | You add the spells Jinxbite and Alistair's Intoxication to
                  | your library.
 64316 | Vaults:3 | You pick up a book of Transmutation and begin reading...
 64422 | Vaults:3 | Reached skill level 5 in Dodging
 64427 | Vaults:3 | Identified the +1 sling of Supply {elec, Int+3}
 64430 | Vaults:3 | Identified the +6 flail of Courage {drain, Str+5 Int-4
                  | Dex+2 SInv}
 64432 | Vaults:3 | Identified the +6 short sword "Xinnir" {protect, ^Drain rF+
                  | rC+ Dex+6}
 64447 | Vaults:3 | magus.rc [v1.9.6]
 65101 | Vaults:4 | Identified the +5 spear "Luuts" {heavy, rF+}
 65358 | Vaults:4 | Noticed Norris
 65377 | Vaults:4 | Killed Norris
 65685 | Vaults:4 | Reached skill level 15 in Spellcasting
 65687 | Vaults:4 | Reached skill level 6 in Dodging
 66047 | Vaults:4 | You pick up a book of Chaos and begin reading...
 66047 | Vaults:4 | You add the spells Conjure Ball Lightning, Disjunction and
                  | Discord to your library.
 66160 | Vaults:4 | Reached skill level 7 in Dodging
 66262 | Vaults:4 | Noticed Bai Suzhen
 66345 | Vaults:4 | Killed Bai Suzhen
 66856 | Vaults:4 | You pick up a book of Flames and begin reading...
 67299 | Vaults:4 | Bought a scroll of blinking for 150 gold pieces
 67674 | Elf:1    | Entered Level 1 of the Elven Halls
 67684 | Elf:1    | Reached skill level 8 in Fire Magic
 67684 | Elf:1    | Reached skill level 8 in Alchemy
 67722 | Elf:1    | Reached skill level 8 in Dodging
 67808 | Elf:1    | Found a flickering gateway to a bazaar.
 67814 | Bazaar   | Entered a bazaar
 67814 | Bazaar   | Found Vonod's Antique Armour Shop.
 67942 | Bazaar   | Found Wisaexzo's Antique Weapon Shop.
 67968 | Bazaar   | Found Cuetz's Distillery.
 67976 | Bazaar   | Bought a potion of curing for 36 gold pieces
 67976 | Bazaar   | Bought 2 potions of curing for 72 gold pieces
 67976 | Bazaar   | Bought a potion of curing for 36 gold pieces
 67976 | Bazaar   | Bought a potion of curing for 36 gold pieces
 67976 | Bazaar   | Bought 2 potions of haste for 240 gold pieces
 68336 | Elf:1    | Noticed Nikola
 68346 | Elf:1    | Killed Nikola
 68347 | Elf:1    | Reached skill level 9 in Dodging
 68539 | Elf:1    | Found Reisoa's Distillery.
 68550 | Elf:1    | Bought a potion of haste for 170 gold pieces
 68550 | Elf:1    | Bought a potion of resistance for 170 gold pieces
 68617 | Elf:1    | Found Mekh's Book Emporium.
 68666 | Elf:1    | Found Kaoduvos's Weapon Boutique.
 68803 | Elf:1    | Reached XP level 22. HP: 271/273 MP: 41/41
 69067 | Elf:1    | Reached skill level 10 in Dodging
 69621 | Elf:2    | Reached skill level 22 in Fighting
 70227 | Elf:2    | Found Xeaczad's Distillery.
 70266 | Elf:2    | Bought a potion of heal wounds for 85 gold pieces
 70266 | Elf:2    | Bought a potion of heal wounds for 85 gold pieces
 70266 | Elf:2    | Bought a potion of heal wounds for 85 gold pieces
 70266 | Elf:2    | Bought a potion of haste for 170 gold pieces
 70266 | Elf:2    | Bought a potion of haste for 170 gold pieces
 70772 | Elf:2    | Found a runed translucent gate.
 70772 | Elf:2    | Found a runed translucent gate.
 70772 | Elf:2    | Found a runed translucent gate.
 71072 | Elf:2    | Reached skill level 23 in Fighting
 71938 | Elf:2    | Learned a level 5 spell: Irradiate
 71938 | Elf:2    | magus.rc [v1.9.6]
 71972 | Elf:3    | Entered Level 3 of the Elven Halls
 72424 | Elf:3    | Reached skill level 24 in Fighting
 72669 | Elf:3    | You pick up a book of Armaments and begin reading...
 72669 | Elf:3    | You add the spells Animate Armour and Lehudib's Crystal
                  | Spear to your library.
 72726 | Elf:3    | your +8 storm dragon scales {rare} glow green for a moment.
 73005 | Elf:3    | Identified the ring "Ungasugg" {Fire ^Contam rPois Int+3}
 73378 | Elf:3    | Reached skill level 9 in Alchemy
 73378 | Elf:3    | Reached XP level 23. HP: 227/298 MP: 21/42
 73502 | Elf:3    | Identified the +2 glaive "Goblin's Nightmare" {flame,
                  | Dex+4}
 73505 | Elf:3    | Identified the +9 rapier of Defiance {holy, *Corrode +Blink
                  | rC- rN+++}
 73505 | Elf:3    | Identified the ring "Qasch" {Fire Stlth+}
 73798 | Elf:3    | Identified the +4 hand axe of Dissent {flame, Int+3}
 73801 | Elf:3    | Identified the +0 morningstar "Pudupit" {freeze, Str+3}
 73820 | Elf:3    | Reached skill level 11 in Conjurations
 74019 | Elf:3    | Identified the ring "Xen Jeu" {Ice *Slow rPois Dex+2}
 74361 | Elf:3    | Got the Precepts of Indurated Wounds
 74372 | Elf:3    | You pick up a book of Spontaneous Combustion and begin
                  | reading...
 74379 | Elf:3    | You add the spells Shock, Borgnjor's Revivification and
                  | Death's Door to your library.
 74379 | Elf:3    | Got Sif Muna's Vellum of Blasted Unhallowed Spells
 74388 | Elf:3    | You pick up a book of Party Tricks and begin reading...
 74394 | Elf:3    | You pick up a book of Cantrips and begin reading...
 74703 | Depths:1 | Entered Level 1 of the Depths
 75490 | Depths:1 | Reached skill level 10 in Alchemy
 75611 | Depths:1 | Reached skill level 25 in Fighting
 75640 | Depths:1 | Found Utocziff's Antique Armour Boutique.
 75885 | Depths:1 | Found a gateway to Hell.
 76149 | Depths:1 | Identified the amulet of the Queen {Spirit rElec Str+9
                  | Dex-5 Slay-2}
 76260 | Depths:1 | magus.rc [v1.9.6]
 76270 | Depths:1 | Upgraded the game from 0.31-a0-1336-g7fd7ca34b5 to
                  | 0.31-a0-1352-gc98d92de7d
 76270 | Depths:1 | magus.rc [v1.9.6]
 76424 | Depths:2 | Identified a potion of experience
 76442 | Depths:2 | Found Adghohio's Jewellery Shop.
 76446 | Depths:2 | Reached XP level 24. HP: 315/315 MP: 42/42
 76820 | Depths:2 | Noticed a juggernaut
 76846 | Depths:2 | Killed a juggernaut
 76848 | Depths:2 | Reached skill level 13 in Maces & Flails
 77103 | Depths:2 | Reached skill level 26 in Fighting
 77490 | Depths:2 | You pick up a book of Hexes and begin reading...
 77490 | Depths:2 | You add the spells Anguish, Cause Fear and Enfeeble to your
                  | library.
 77705 | Depths:2 | You pick up a book of Touch and begin reading...
 77920 | Depths:2 | Reached skill level 14 in Maces & Flails
 78464 | Depths:2 | Reached XP level 25. HP: 248/331 MP: 3/42
 78634 | Depths:2 | You pick up a book of Death and begin reading...
 78634 | Depths:2 | You add the spells Haunt and Infestation to your library.
 78671 | Depths:2 | your +9 storm dragon scales {rare} glow green for a moment.
 78774 | Depths:2 | Found Zotiek's Assorted Antiques.
 78778 | Depths:2 | Bought a scroll labelled QAEPTE MEMO for 47 gold pieces
 78849 | Depths:2 | Reached skill level 27 in Fighting
 79166 | Depths:2 | Found a one-way gate leading to the halls of Pandemonium.
 80125 | Depths:3 | Reached skill level 15 in Maces & Flails
 80479 | Depths:3 | Got An Introduction to Gnosis
 80485 | Depths:3 | You add the spells Borgnjor's Vile Clutch and Eringya's
                  | Noxious Bog to your library.
 80486 | Depths:3 | Identified the staff "Gekhlym" {rPois rF+ rN++ Stlth+
                  | Alchemy}
 80488 | Depths:3 | Identified a scroll of acquirement
 80489 | Depths:3 | Acquired 613 gold pieces
 80617 | Depths:3 | Reached skill level 16 in Maces & Flails
 80708 | Depths:3 | Noticed a juggernaut
 80708 | Depths:3 | Identified the +3 morningstar of Blood {pain, *Noise rPois
                  | MP-9 Str+6}
 80727 | Depths:3 | Killed a juggernaut
 80775 | Depths:3 | HP: 72/334 [spriggan air mage/the air (24)]
 81728 | Depths:3 | Reached skill level 17 in Maces & Flails
 81906 | Depths:3 | Got the Octavo of Dusty Malisons
 81908 | Depths:3 | You pick up a book of Storms and begin reading...
 81908 | Depths:3 | You add the spells Static Discharge, Airstrike and Summon
                  | Lightning Spire to your library.
 81914 | Depths:3 | Got the Elucidation of Blinking Companions
 81923 | Depths:3 | Identified the +0 plate armour "Leped" {rPois Stlth+}
 82013 | Depths:4 | Entered Level 4 of the Depths
 82013 | Depths:4 | Found a one-way gateway to a ziggurat.
 82163 | Depths:3 | Found a one-way gate to the infinite horrors of the Abyss.
 82258 | Depths:3 | Reached skill level 18 in Maces & Flails
 83063 | Depths:4 | Noticed a caustic shrike
 83065 | Depths:4 | Noticed a caustic shrike
 83067 | Depths:4 | Noticed a caustic shrike
 83068 | Depths:4 | Noticed a caustic shrike
 83072 | Depths:4 | Killed a caustic shrike
 83072 | Depths:4 | Noticed a caustic shrike
 83072 | Depths:4 | Noticed a caustic shrike
 83072 | Depths:4 | Noticed a caustic shrike
 83075 | Depths:4 | Killed a caustic shrike
 83077 | Depths:4 | Killed a caustic shrike
 83077 | Depths:4 | Noticed a caustic shrike
 83082 | Depths:4 | Killed a caustic shrike
 83082 | Depths:4 | Killed a caustic shrike
 83083 | Depths:4 | Killed a caustic shrike
 83345 | Depths:4 | Reached skill level 19 in Maces & Flails
 83356 | Depths:4 | Reached XP level 26. HP: 326/345 MP: 6/42
 83456 | Depths:4 | Killed a caustic shrike
 83468 | Depths:4 | Killed a caustic shrike
 84105 | Depths:4 | Reached skill level 20 in Maces & Flails
 84166 | Depths:4 | Found a gate to the Realm of Zot.
 84981 | Depths:4 | Found a large runed translucent door.
 84981 | Depths:4 | Found a large runed translucent door.
 84983 | Depths:4 | Noticed Zyku Vof's ghost (veteran MfIE)
 85371 | Vaults:5 | Entered Level 5 of the Vaults
 85377 | Vaults:5 | Reached skill level 13 in Armour
 85393 | Vaults:4 | Lost mutation: You occasionally lose the ability to drink
                  | potions when taking damage. [potion of mutation]
 85393 | Vaults:4 | Lost mutation: Your flesh is heat resistant. (rF+) [potion
                  | of mutation]
 85393 | Vaults:4 | Gained mutation: You have sharp fingernails. [potion of
                  | mutation]
 85393 | Vaults:4 | Gained mutation: You occasionally lose the ability to read
                  | scrolls when taking damage. [potion of mutation]
 85393 | Vaults:4 | Gained mutation: Your mind is acute. (Int +4, Str/Dex -1)
                  | [potion of mutation]
 85394 | Vaults:4 | Lost mutation: Your mind is acute. (Int +4, Str/Dex -1)
                  | [potion of mutation]
 85394 | Vaults:4 | Lost mutation: You are robust. (+10% HP) [potion of
                  | mutation]
 85394 | Vaults:4 | Gained mutation: You are partially covered in iridescent
                  | scales. (AC +2) [potion of mutation]
 85394 | Vaults:4 | Gained mutation: Your mind is acute. (Int +4, Str/Dex -1)
                  | [potion of mutation]
 85395 | Vaults:4 | Lost mutation: Your mind is acute. (Int +4, Str/Dex -1)
                  | [potion of mutation]
 85395 | Vaults:4 | Lost mutation: You are partially covered in iridescent
                  | scales. (AC +2) [potion of mutation]
 85395 | Vaults:4 | Gained mutation: You are weak. (Str -2) [potion of
                  | mutation]
 85395 | Vaults:4 | Gained mutation: You are partially covered in large bone
                  | plates. (SH +4) [potion of mutation]
 85396 | Vaults:4 | Lost mutation: You are weak. (Str -2) [potion of mutation]
 85396 | Vaults:4 | Lost mutation: You occasionally lose the ability to read
                  | scrolls when taking damage. [potion of mutation]
 85396 | Vaults:4 | Lost mutation: You are partially covered in large bone
                  | plates. (SH +4) [potion of mutation]
 85396 | Vaults:4 | Gained mutation: Your muscles are strong. (Str +4, Int/Dex
                  | -1) [potion of mutation]
 85396 | Vaults:4 | Gained mutation: You are frail. (-10% HP) [potion of
                  | mutation]
 85396 | Vaults:4 | Gained mutation: You have sharp toenails. [potion of
                  | mutation]
 85414 | Vaults:5 | Noticed an ancient lich
 85419 | Vaults:5 | Reached skill level 14 in Armour
 85427 | Vaults:5 | Noticed a dread lich
 85429 | Vaults:5 | Killed an ancient lich
 85441 | Vaults:5 | Killed a dread lich
 85442 | Vaults:5 | Reached skill level 15 in Armour
 85516 | Vaults:4 | Bought a scroll of acquirement for 1300 gold pieces
 85516 | Vaults:4 | Acquired the ring of Xunlexix {rPois Str+3 Dex+6}
 85926 | Vaults:5 | Identified the staff of the Twisting Gods {rC+ Int+2 SInv
                  | Ice}
 85985 | Vaults:5 | Reached skill level 16 in Armour
 86372 | Vaults:5 | Identified the +5 rapier of Tawiaw {protect, SInv}
 86623 | Vaults:5 | Got a silver rune of Zot
 86833 | Vaults:5 | Reached XP level 27. HP: 290/290 MP: 33/42
 86850 | Vaults:5 | Reached skill level 11 in Dodging
 86998 | Vaults:5 | You pick up a book of Blood and begin reading...
 87384 | Vaults:5 | Identified the ring "Katefaek" {AC+4 Str+2 Int-5 Dex+2}
 87492 | Vaults:5 | Reached skill level 12 in Dodging
 87669 | Vaults:5 | You pick up a book of Debilitation and begin reading...
 87669 | Vaults:5 | You add the spells Sigil of Binding and Vampiric Draining
                  | to your library.
 87691 | Vaults:5 | You pick up a book of the Earth and begin reading...
 88041 | Zot:1    | Entered Level 1 of the Realm of Zot
 88051 | Zot:1    | Noticed an electric golem
 88075 | Zot:1    | Killed an electric golem
 88166 | Zot:1    | Noticed an orb of fire
 88172 | Zot:1    | Gained mutation: A frigid envelope surrounds you and
                  | freezes all who hurt you. [an orb of fire]
 88822 | Zot:1    | Killed an orb of fire
 88823 | Zot:1    | Reached skill level 17 in Armour
 89038 | Zot:1    | You pick up a book of Cantrips and begin reading...
 89798 | Zot:4    | Reached skill level 18 in Armour
 89848 | Zot:4    | Noticed a curse toe
 89858 | Zot:4    | Killed a curse toe
 90056 | Zot:5    | Entered Level 5 of the Realm of Zot
 90501 | Zot:5    | You pick up a book of Flames and begin reading...
 90834 | Zot:5    | Noticed an ancient lich
 90841 | Zot:5    | Noticed an electric golem
 90842 | Zot:5    | Noticed an orb of fire
 90842 | Zot:5    | Noticed a dread lich
 90842 | Zot:5    | Noticed an ancient lich
 90849 | Zot:5    | Noticed a dread lich
 90850 | Zot:5    | Noticed an electric golem
 90851 | Zot:5    | Got the Orb of Zot
 90878 | Zot:5    | Killed a dread lich
 90879 | Zot:5    | Killed an orb of fire
 90920 | Zot:5    | Killed an ancient lich
 91366 | D:8      | Noticed Nitalae the pandemonium lord
 91395 | D:6      | Reached skill level 19 in Armour
 91532 | D:2      | Noticed Weh Dihu the pandemonium lord
 91587 | D:1      | Noticed Ycheps the pandemonium lord
 91603 | D:$      | Escaped with the Orb!

Vanquished Creatures
  A dread lich (Vaults:5)
  An ancient lich (Vaults:5)
  An orb of fire (Zot:1)
  Mara (Snake:3)
  2 juggernauts
  Bai Suzhen (Vaults:4)
  A Killer Klown (Zot:1)
  A curse toe (Zot:4)
  8 caustic shrikes (Depths:4)
  Nikola (Elf:1)
  Norris (Vaults:4)
  3 golden dragons
  2 bone dragons (Depths:4)
  An electric golem (Zot:1)
  A Brimstone Fiend (Depths:4)
  Rupert (D:14)
  A walking crystal tome (Depths:3)
  9 Orb Guardians
  10 tentacled monstrosities
  A Hell Sentinel (Zot:1)
  Mlioglotl (Snake:3)
  2 quicksilver dragons
  4 liches
  A walking frostbound tome (Depths:2)
  A walking divine tome (Depths:3)
  4 deep elf master archers (Elf:3)
  2 tentacled starspawn (WizLab)
  2 deep elf blademasters (Elf:3)
  Frances (D:14)
  6 titans
  A kraken (Shoals:4)
  4 sphinxes
  Polyphemus (Shoals:4)
  Kirke (D:13)
  Agnes (Snake:3)
  3 death cobs
  6 storm dragons
  An ancient champion (Vaults:2)
  8 shadow dragons
  8 tengu reavers
  8 fire giants
  3 draconian monks
  4 nagarajas
  2 draconian knights
  4 deep elf sorcerers
  A draconian scorcher (Depths:4)
  4 draconian shifters
  2 iron dragons
  16 vault wardens
  16 frost giants
  A balrug (Depths:3)
  Louise (Shoals:4)
  A ghost moth (WizLab)
  2 orc warlords
  3 spriggan defenders (Depths:2)
  19 ironbound preservers
  A reaper (Depths:1)
  3 deep elf elementalists
  A draconian stormcaller (Zot:4)
  2 war gargoyles
  2 draconian annihilators
  A formless jellyfish (Vaults:3)
  18 stone giants
  7 green draconians
  4 white draconians
  39 very ugly things
  3 deep elf demonologists (Elf:3)
  2 vampire knights (Depths:2)
  7 ironbound thunderhulks
  2 lorocyprocas
  3 deep elf annihilators
  4 dire elephants
  A minotaur (Gauntlet)
  9 purple draconians
  2 yellow draconians
  4 black draconians
  11 spark wasps
  10 red draconians
  9 deep elf death magi
  Snorg (D:12)
  18 ettins
  2 green deaths
  10 fire dragons
  11 merfolk impalers
  5 deep elf high priests
  11 yaktaur captains
  4 merfolk javelineers
  9 ice dragons
  An entropy weaver (WizLab)
  2 peacekeepers
  6 rakshasas
  7 great orbs of eyes
  13 anacondas
  5 salamander tyrants
  33 vault guards
  4 hydras
  9 ironbound frosthearts
  A merfolk avatar (Shoals:1)
  A spriggan skeleton (Depths:3)
  2 catoblepae
  6 spriggan air magi
  8 ogre magi
  16 centaur warriors
  3 death yaks (Shoals:4)
  14 two-headed ogres
  41 dancing weapons
  3 merfolk aquamancers
  2 satyrs (Shoals:4)
  5 boulder beetles
  7 deep troll shamans
  3 orc high priests
  6 spriggan berserkers
  A death knight (D:15)
  17 naga warriors
  A vampire mage (Depths:3)
  15 deep troll earth magi
  8 tengu warriors
  3 occultists
  A demonic crawler (WizLab)
  8 shock serpents (Snake:4)
  Nergalle (D:12)
  13 naga sharpshooters
  Amaemon (Lair:1)
  Sonja (Lair:1)
  3 sun demons
  29 deep elf knights
  A shadow wraith (D:10)
  10 hell knights
  14 skysharks
  Lodul (D:14)
  13 iron trolls
  8 salamander mystics
  A goliath frog (Lair:5)
  A shadow demon (Depths:4)
  A sea snake (shapeshifter) (Elf:2)
  14 skeletal warriors
  2 spriggan druids (Elf:2)
  15 sea snakes
  8 flayed ghosts
  65 deep trolls
  3 large abominations
  A death drake (shapeshifter) (Vaults:5)
  A bog body (IceCv)
  3 glowing orange brains
  An orb spider (shapeshifter) (Depths:2)
  A deep troll (shapeshifter) (Depths:3)
  25 deep elf archers
  15 ironbound convokers
  5 naga ritualists
  11 lindwurms
  An obsidian statue (Depths:1)
  7 phantasmal warriors
  10 necromancers
  3 arcanists
  21 harpies
  9 orc knights
  25 ugly things
  A wolf spider (shapeshifter) (Depths:2)
  35 deep elf zephyrmancers
  An iron dragon zombie (Depths:3)
  39 deep elf pyromancers
  8 mana vipers
  12 moths of wrath
  9 cyclopes
  13 manticores
  11 fauns
  2 orc sorcerers (Vaults:2)
  A shadow dragon skeleton (Vaults:2)
  A manticore (shapeshifter) (Depths:4)
  A worldbinder (WizLab)
  A tengu skeleton (Vaults:2)
  A frost giant skeleton (Depths:3)
  8 guardian serpents
  13 merfolk sirens
  34 salamanders
  36 black mambas
  An eye of devastation (shapeshifter) (Depths:3)
  A rust devil (Depths:1)
  18 naga magi
  A torpor snail (Lair:4)
  3 ice statues
  Joseph (D:7)
  2 molten gargoyles (Volcano)
  A water nymph (shapeshifter) (Vaults:5)
  A kobold blastminer (Orc:2)
  9 water nymphs
  An elf skeleton (Vaults:2)
  3 orange demons
  2 smoke demons
  28 vault sentinels
  3 unseen horrors
  A cane toad (shapeshifter) (D:14)
  A torpor snail (shapeshifter) (Elf:2)
  19 cane toads
  A rime drake (shapeshifter) (Elf:2)
  A gargoyle (D:10)
  An efreet (D:14)
  11 rime drakes
  32 yaktaurs
  Jeremiah (D:7)
  2 tormentors
  6 ice devils (IceCv)
  8 komodo dragons
  5 tengu conjurers
  2 freezing wraiths
  4 anaconda simulacra (IceCv)
  7 trolls
  A red devil (Depths:1)
  2 yaktaur skeletons (Vaults:2)
  41 merfolk
  7 hornets
  2 hellwings (Depths:1)
  A polar bear (shapeshifter) (D:15)
  A glass eye (Depths:4)
  2 tyrant leeches (Lair:5)
  A polar bear (Lair:4)
  3 wind drakes
  2 snapping turtles (shapeshifter)
  17 blink frogs
  2 raiju (WizLab)
  4 snapping turtles
  A raiju (shapeshifter) (Elf:2)
  2 dream sheep (Shoals:1)
  40 slime creatures
  Sigmund (D:2)
  16 water elementals
  A centaur simulacrum (D:10)
  2 vampires
  An ettin skeleton (Vaults:2)
  3 shadows
  3 air elementals
  A yak (shapeshifter) (WizLab)
  A ynoxinul (Depths:1)
  3 dire elephant simulacra (IceCv)
  4 fire elementals
  5 fire bats
  50 yaks
  2 spriggans
  4 basilisks
  5 hogs (D:13)
  5 humans (D:13)
  5 wyverns
  5 steam dragons
  2 wargs
  A redback (WizLab)
  A neqoxec (Zot:3)
  6 wraiths
  20 vampire mosquitoes
  3 chaos spawn (Depths:1)
  2 harpy simulacra (IceCv)
  An acid dragon (D:13)
  17 water moccasins
  36 nagas
  A hydra simulacrum (IceCv)
  13 orc warriors
  35 ogres
  2 sky beasts (D:8)
  4 black bears
  6 wolves
  10 centaurs
  4 boggarts
  A phantom (D:6)
  6 kobold brigands (D:10)
  19 bullfrogs
  4 gnoll sergeants
  5 human skeletons (Vaults:2)
  3 scorpions
  6 wights
  13 killer bees
  6 howler monkeys
  5 lava snakes (Volcano)
  6 jellies
  2 hounds
  13 orc priests
  Crazy Yiuf (D:7)
  Jessica (D:2)
  4 iguanas
  10 orc wizards
  7 hell rats (Lair:2)
  A polar bear simulacrum (IceCv)
  A spriggan simulacrum (IceCv)
  23 gnolls
  8 adders
  2 bombardier beetles
  2 white imps
  3 ufetubi
  6 dart slugs
  3 worms
  58 orcs
  8 ball pythons
  5 endoplasms
  4 giant cockroaches
  11 goblins
  A hobgoblin (shapeshifter) (D:15)
  7 hobgoblins
  13 jackals
  19 kobolds
  5 quokkas
  5 bats
  3 frilled lizards
  7 rats
  3 starspawn tentacles (WizLab)
  2 tentacles (Shoals:4)
2131 creatures vanquished.

Vanquished Creatures (collateral kills)
  A tentacled monstrosity (Zot:1)
  A yellow draconian (Zot:5)
  2 naga sharpshooters (Snake:2)
  12 boulders
16 creatures vanquished.

Vanquished Creatures (others)
  2 dread liches (Zot:5)
  An ancient lich (Zot:5)
  An orb of fire (Zot:5)
  2 Killer Klowns (Zot:5)
  A golden dragon (Zot:5)
  A tentacled monstrosity (Zot:5)
  7 Orb Guardians (Zot:5)
  A death cob (Zot:5)
  A protean progenitor (Zot:5)
  A frost giant (Depths:3)
  A draconian shifter (Zot:5)
  A ghost moth (Zot:5)
  A green draconian (Zot:5)
  A black draconian (Zot:5)
  A white draconian (Zot:5)
  A red draconian (Zot:5)
  A hellwing (Zot:5)
  A human (D:13)
  2 boggarts (Vaults:3)
  12 boulders
  2 spectral weapons (Zot:5)
  2 starspawn tentacles (WizLab)
  6 tentacles (Shoals:4)
50 creatures vanquished.

Grand Total: 2197 creatures vanquished

Table legend:
 A = Non-vault XP
 B = Vault XP
 C = Vault XP percentage of total XP
 D = Non-vault monster count
 E = Vault monster count
 F = Vault count percentage of total count
                 A         B        C        D         E       F
            +---------+---------+-------+---------+---------+-------
      Total |  640173 |  616182 |  49.0 |    1291 |     835 |  39.3
            +---------+---------+-------+---------+---------+-------
        D:1 |      61 |       0 |   0.0 |      33 |       0 |   0.0
        D:2 |      71 |     263 |  78.7 |      28 |       2 |   6.7
        D:3 |      87 |       0 |   0.0 |      21 |       0 |   0.0
        D:4 |     623 |       0 |   0.0 |      13 |       0 |   0.0
        D:5 |     614 |       0 |   0.0 |      18 |       0 |   0.0
        D:6 |    1168 |      23 |   1.9 |      37 |       6 |  14.0
        D:7 |    1556 |     843 |  35.1 |      23 |       3 |  11.5
        D:8 |    1904 |       0 |   0.0 |      20 |       0 |   0.0
        D:9 |    2397 |    1391 |  36.7 |      31 |       4 |  11.4
       D:10 |    4083 |    6767 |  62.4 |      24 |      26 |  52.0
       D:11 |    3899 |     765 |  16.4 |      16 |       4 |  20.0
       D:12 |    3010 |    1732 |  36.5 |       8 |       2 |  20.0
       D:13 |    6948 |    7005 |  50.2 |      15 |      15 |  50.0
       D:14 |    8086 |    5066 |  38.5 |      17 |      10 |  37.0
       D:15 |   13250 |    1747 |  11.6 |      27 |       2 |   6.9
     Lair:1 |    4235 |    4721 |  52.7 |      19 |      13 |  40.6
     Lair:2 |    5731 |    2309 |  28.7 |      29 |       9 |  23.7
     Lair:3 |    5499 |     782 |  12.5 |      22 |       2 |   8.3
     Lair:4 |    6823 |       0 |   0.0 |      24 |       0 |   0.0
     Lair:5 |   10246 |   11084 |  52.0 |      27 |      43 |  61.4
   Shoals:1 |   15457 |       0 |   0.0 |      32 |       0 |   0.0
   Shoals:2 |   15934 |    4366 |  21.5 |      32 |       9 |  22.0
   Shoals:3 |   13284 |       0 |   0.0 |      27 |       0 |   0.0
   Shoals:4 |   16466 |   27583 |  62.6 |      32 |      43 |  57.3
    Snake:1 |   11322 |       0 |   0.0 |      23 |       0 |   0.0
    Snake:2 |   18068 |       0 |   0.0 |      29 |       0 |   0.0
    Snake:3 |   23016 |   21121 |  47.9 |      45 |      27 |  37.5
    Snake:4 |   16609 |   33125 |  66.6 |      37 |      51 |  58.0
      Orc:1 |     954 |       0 |   0.0 |       9 |       0 |   0.0
      Orc:2 |    2413 |   13828 |  85.1 |      24 |      33 |  57.9
      Elf:1 |   24628 |   14673 |  37.3 |      41 |      20 |  32.8
      Elf:2 |   28124 |   27420 |  49.4 |      45 |      39 |  46.4
      Elf:3 |   28324 |   36615 |  56.4 |      45 |      36 |  44.4
   Vaults:1 |   35061 |   16939 |  32.6 |      64 |      24 |  27.3
   Vaults:2 |   29454 |   27593 |  48.4 |      41 |      42 |  50.6
   Vaults:3 |   11447 |   15002 |  56.7 |      21 |      25 |  54.3
   Vaults:4 |   24860 |   34500 |  58.1 |      32 |      41 |  56.2
   Vaults:5 |   11710 |  112565 |  90.6 |      18 |     100 |  84.7
   Depths:1 |   17867 |    6897 |  27.9 |      17 |      15 |  46.9
   Depths:2 |   49803 |   53840 |  51.9 |      59 |      52 |  46.8
   Depths:3 |   40954 |   42706 |  51.0 |      52 |      34 |  39.5
   Depths:4 |   73294 |   12958 |  15.0 |      67 |      10 |  13.0
      Zot:1 |    8318 |   31634 |  79.2 |       6 |      25 |  80.6
      Zot:3 |   17687 |       0 |   0.0 |      16 |       0 |   0.0
      Zot:4 |   15151 |       0 |   0.0 |      13 |       0 |   0.0
      Zot:5 |    9677 |   12516 |  56.4 |      12 |       7 |  36.8
      IceCv |       0 |    7105 | 100.0 |       0 |      24 | 100.0
    Volcano |       0 |    3767 | 100.0 |       0 |      15 | 100.0
     WizLab |       0 |   10857 | 100.0 |       0 |      14 | 100.0
   Gauntlet |       0 |    4074 | 100.0 |       0 |       8 | 100.0
            +---------+---------+-------+---------+---------+-------

Skill      XL: |  1  2  3  4  5  6  7  8  9 10 11 12 13 14 15 16 17 18 19 20 21 22 23 24 25 26 27 |
---------------+----------------------------------------------------------------------------------+-----
Fighting       | 1 2 3 4 5 7 10 12 13 14 15 16 18 19 21 24 25 26 27 | 27.0
Earth Magic    | 3 4 5 7 |  7.0
Spellcasting   | 4 6 8 10 11 13 15 | 15.0
Conjurations   | 2 4 5 7 8 10 11 | 11.0
Evocations     | 2 5 7 |  7.0
Alchemy        | 6 7 8 9 10 | 10.0
Fire Magic     | 2 7 8 |  8.0
Dodging        | 3 9 10 12 | 12.0
Ice Magic      | 4 7 8 10 | 10.0
Air Magic      | 5 7 8 10 | 10.0
Maces & Flails | 8 11 12 14 19 20 | 20.0
Shields        | 7 12 | 12.0
Necromancy     | 2 |  2.0
Armour         | 4 10 12 16 19 | 19.0
Stealth        | |  1.4

Action                     |  1- 3 |  4- 6 |  7- 9 | 10-12 | 13-15 | 16-18 | 19-21 | 22-24 | 25-27 || total
---------------------------+-------+-------+-------+-------+-------+-------+-------+-------+-------++-------
  Melee: Unarmed           |    12 |       |       |       |       |       |       |       |       ||    12
         Headbutt          |     3 |       |     5 |    17 |    92 |   129 |   352 |   228 |   456 ||  1282
         Dagger            |     3 |       |       |       |       |       |       |       |       ||     3
         Halberd           |       |     1 |    17 |       |       |       |       |       |       ||    18
         Trident           |       |       |     5 |   118 |    92 |       |       |       |       ||   215
         Punch             |       |       |       |     1 |     1 |       |       |       |       ||     2
         Demon whip        |       |       |       |       |   295 |   487 |  1144 |   727 |  1256 ||  3909
         Kick              |       |       |       |       |       |       |       |       |   308 ||   308
         Maul              |       |       |       |       |       |       |       |       |     7 ||     7
  Throw: Dart              |       |     3 |     2 |     1 |       |       |       |       |       ||     6
   Cast: Sandblast         |    60 |    81 |   127 |    35 |    10 |       |       |       |       ||   313
         Stone Arrow       |       |     2 |    67 |   150 |    49 |    27 |     3 |     9 |       ||   307
         Olgreb's Toxic Ra |       |       |     6 |    57 |   128 |    75 |    67 |    74 |    45 ||   452
         Sticky Flame      |       |       |       |    21 |    29 |    26 |    15 |     6 |     4 ||   101
         Ignite Poison     |       |       |       |    10 |   101 |    60 |    33 |    43 |    30 ||   277
         Brom's Barrelling |       |       |       |       |    22 |     6 |     1 |     1 |       ||    30
         Freezing Cloud    |       |       |       |       |    53 |   223 |   119 |    70 |    57 ||   522
         Irradiate         |       |       |       |       |       |       |       |     6 |    11 ||    17
         Sublimation of Bl |       |       |       |       |       |       |       |       |     5 ||     5
 Invoke: Call Merchant     |       |       |     1 |       |     4 |     2 |     2 |       |     2 ||    11
         Potion Petition   |       |       |       |       |       |       |       |     1 |     6 ||     7
         Bribe Branch      |       |       |       |       |       |       |       |       |     1 ||     1
  Evoke: Wand              |       |       |    11 |     8 |       |     2 |     5 |    21 |     5 ||    52
         Lightning rod     |       |       |       |    11 |     1 |     9 |     4 |     3 |     4 ||    32
         Phial of floods   |       |       |       |     1 |       |     1 |     1 |       |       ||     3
         Tin of tremorston |       |       |       |       |     1 |     5 |     3 |     5 |     1 ||    15
         Phantom mirror    |       |       |       |       |       |     2 |     1 |     1 |     2 ||     6
    Use: Potion            |     1 |       |     1 |     1 |     2 |     6 |     4 |     6 |    41 ||    62
         Scroll            |     1 |     6 |    11 |    11 |     9 |    10 |     3 |     5 |    26 ||    82
   Stab: Sleeping          |       |       |       |     2 |     1 |       |       |       |       ||     3
         Distracted        |       |       |       |     1 |     2 |     1 |     6 |     3 |     7 ||    20
         Invisible         |       |       |       |       |       |       |     9 |    12 |    30 ||    51
 Armour: Robe              |    34 |    12 |    67 |   125 |   413 |   339 |       |       |       ||   990
         Storm dragon scal |       |       |       |       |       |   190 |   758 |   472 |   871 ||  2291
  Dodge: Dodged            |    25 |    21 |    84 |   133 |   291 |   198 |   249 |   297 |   572 ||  1870
  Block: Kite shield       |       |       |       |       |       |   278 |   441 |   306 |   464 ||  1489

Illustrated notes

Table legend:
 A = Kills in this place as a percentage of kills in the entire game.
 B = Kills by you in this place as a percentage of kills by you in the entire game.
 C = Kills by friends in this place as a percentage of kills by friends in the entire game.
 D = Other kills in this place as a percentage of other kills in the entire game.
 E = Experience gained in this place as a percentage of experience gained in the entire game.
 F = Experience gained in this place divided by the number of levels of this place that you have seen.
                   A       B       C       D       E      F
               +-------+-------+-------+-------+-------+----------------------
         Total | 100.0 | 100.0 | 100.0 | 100.0 | 100.0 | 23863.3
       Dungeon |  19.1 |  19.2 |   0.0 |   0.0 |   6.1 | 5185.5
          Lair |   8.8 |   8.8 |   0.0 |   0.0 |   4.1 | 10286.0
        Shoals |   8.2 |   8.2 |   0.0 |   0.0 |   7.4 | 23272.5
     Snake Pit |   9.9 |   9.9 |  66.7 |   0.0 |   9.7 | 30815.2
  Orcish Mines |   3.1 |   3.1 |   0.0 |   0.0 |   1.4 | 8597.5
   Elven Halls |  10.6 |  10.6 |   0.0 |   0.0 |  12.6 | 53261.3
        Vaults |  19.1 |  19.1 |   0.0 |  50.0 |  25.2 | 63826.2
        Depths |  14.4 |  14.4 |   0.0 |  25.0 |  23.7 | 75081.0
           Zot |   3.8 |   3.7 |  33.3 |  25.0 |   7.7 | 19391.0
      Ice Cave |   1.1 |   1.1 |   0.0 |   0.0 |   0.6 | 7105.0
       Volcano |   0.7 |   0.7 |   0.0 |   0.0 |   0.3 | 3767.0
        Wizlab |   0.7 |   0.7 |   0.0 |   0.0 |   0.9 | 10857.0
      Gauntlet |   0.4 |   0.4 |   0.0 |   0.0 |   0.3 | 4074.0
               +-------+-------+-------+-------+-------+----------------------

Table legend: (Time is in decaauts)
 A = Elapsed time spent in this place.
 B = Non-inter-level travel time spent in this place.
 C = Inter-level travel time spent in this place.
 D = Time resting spent in this place.
 E = Time spent auto-exploring this place.
 F = Levels seen in this place.
 G = Mean time per level.
                   A        B        C        D        E       F      G
               +--------+--------+--------+--------+--------+-----+--------+
         Total |  90216 |  82268 |   7948 |  22556 |  45218 |  53 | 1702.2 |
       Dungeon |  27682 |  24202 |   3480 |   5352 |  15287 |  15 | 1845.5 |
          Lair |   8434 |   7472 |    962 |   1160 |   5147 |   5 | 1686.8 |
        Shoals |   6440 |   6065 |    375 |   1277 |   3739 |   4 | 1610.0 |
     Snake Pit |   8955 |   8263 |    692 |   3229 |   3653 |   4 | 2238.8 |
  Orcish Mines |   2472 |   1945 |    527 |    146 |   1517 |   2 | 1236.0 |
   Elven Halls |   6486 |   6288 |    198 |   2145 |   2999 |   3 | 2162.0 |
        Vaults |  12235 |  11119 |   1116 |   2604 |   6580 |   5 | 2447.0 |
        Depths |  10247 |   9710 |    537 |   2939 |   4962 |   4 | 2561.8 |
           Zot |   2300 |   2241 |     59 |   1074 |    351 |   5 |  460.0 |
        Bazaar |    271 |    271 |      0 |     63 |    186 |   2 |  135.5 |
      Ice Cave |   2305 |   2305 |      0 |   1602 |    236 |   1 | 2305.0 |
       Volcano |    873 |    873 |      0 |    499 |     42 |   1 |  873.0 |
        Wizlab |    647 |    647 |      0 |     93 |    410 |   1 |  647.0 |
      Gauntlet |    862 |    862 |      0 |    371 |    109 |   1 |  862.0 |
               +--------+--------+--------+--------+--------+-----+--------+

Top non-repeatable levels by time:
Depths:2: 3982 daAuts
Vaults:2: 3693 daAuts
 Snake:3: 2761 daAuts
    D:10: 2674 daAuts
Vaults:4: 2531 daAuts
     D:9: 2520 daAuts
    D:15: 2460 daAuts
 Snake:4: 2448 daAuts
   Elf:2: 2338 daAuts
  Lair:5: 2314 daAuts
   IceCv: 2305 daAuts
    D:13: 2302 daAuts
     D:7: 2297 daAuts
     D:6: 2290 daAuts
   Elf:3: 2258 daAuts
